Workbook
Name e: {0,"тысячz";1,"тысячаz";2,"тысячиz";5,"тысячz"}
Name eer: {0,"тысячz";1,"тысячаz";2,"тысячиz";5,"тысячz"}
Name ewtert: {"","одинz","дваz","триz","четыреz","пятьz","шестьz","семьz","восемьz","девятьz"}
Name kuu: IF(wetwet=1,wetwe,wetwet&ewtert)
Name n_1: {"","одинz","дваz","триz","четыреz","пятьz","шестьz","семьz","восемьz","девятьz"}
Name n_11: {"","стоz","двестиz","тристаz","четырестаz","пятьсотz","шестьсотz","семьсотz","восемьсотz","девятьсотz"}
Name n_2: {"десятьz","одиннадцатьz","двенадцатьz","тринадцатьz","четырнадцатьz","пятнадцатьz","шестнадцатьz","семнадцатьz","восемнадцатьz","девятнадцатьz"}
Name n_3: {"";1;"двадцатьz";"тридцатьz";"сорокz";"пятьдесятz";"шестьдесятz";"семьдесятz";"восемьдесятz";"девяностоz"}
Name n_5: {"","однаz","двеz","триz","четыреz","пятьz","шестьz","семьz","восемьz","девятьz"}
Name n0: "000000000000"&MID(1/2,2,1)&"00"
Name n0x: IF(n_3=1,n_2,n_3&n_1)
Name n1x: IF(n_3=1,n_2,n_3&n_5)
Name rete: {"","стоz","двестиz","тристаz","четырестаz","пятьсотz","шестьсотz","семьсотz","восемьсотz","девятьсотz"}
Name uyt: IF(wetwet=1,wetwe,wetwet&wetwer)
Name wetwe: {"десятьz","одиннадцатьz","двенадцатьz","тринадцатьz","четырнадцатьz","пятнадцатьz","шестнадцатьz","семнадцатьz","восемнадцатьz","девятнадцатьz"}
Name wetwer: {"","однаz","двеz","триz","четыреz","пятьz","шестьz","семьz","восемьz","девятьz"}
Name wetwet: {"";1;"двадцатьz";"тридцатьz";"сорокz";"пятьдесятz";"шестьдесятz";"семьдесятz";"восемьдесятz";"девяностоz"}
Name ytt: {0,"овz";1,"z";2,"аz";5,"овz"}
Name мил: {0,"овz";1,"z";2,"аz";5,"овz"}
Name тыс: {0,"тысячz";1,"тысячаz";2,"тысячиz";5,"тысячz"}

Sheet Сводная №12-01
C1: Приложение N 11 к Методике определения сметной стоимости строительства,реконструкции, капитального ремонта, сноса объектов капитальногостроительства, работ по сохранениюобъектов культурного наследия (памятников истории и культуры)народов Российской Федерациина территории Российской едерации,утвержденной приказом Министерствастроительства и жилищно-коммунального хозяйства Российской Федерацииот 4 августа 2020 г. N 421/пр
A2: СВОДНАЯ СМЕТА 12-01
A3: на проектные, изыскательские работы
B4: Проведение работ по строительству «сухой» снежной свалки для складирования снежных масс с организацией системы транспортировки талой воды на локальные очистные сооружения.г Санкт-Петербург, вн.тер.г. муниципальный округ Народный, ул. Народная, з/у 114
B5: Стадия : Проектная и рабочая документация
B6: Заказчик:
B7: Изыскательская организация:
B8: Проектная организация:
B9: Составлена в уровне цен на 2 кв.2026г
A10: № п.п. | B10: Наименование смет на проектные работы и инженерные изыскания, затрат | C10: Обоснование | D10: Сметная стоимость без НДС, руб. | F10: с НДС
D11: инженерных изысканий | E11: проектных работ
A12: 1 | B12: 2 | C12: 3 | D12: 4 | E12: 5
A13: I | B13: Изыскательские работы
B14: Инженерно-геодезические изыскания | C14: №12-01-01 | D14: ='№12-01-01 ИГеолИ - Форма 2п по '!E142 -> 1073908,02 | F14: =D14*1.22 -> 1310167.8
B15: Инженерно-геологические изыскания | C15: №12-01-02 | D15: ='№12-01-02 ИГеодИ - Форма 2п по '!E81 -> 784421,05 | F15: =D15*1.22 -> 956993.68
B16: Инженерно-экологические изыскания | C16: №12-01-03 | D16: ='№12-01-03 ИЭИ - Форма 2п по Мет'!E214 -> 1245812,79 | F16: =D16*1.22 -> 1519891.6
B17: Инженерно-гидрометеорологические изыскания | C17: №12-01-04 | D17: ='№12-01-04 Проектная смета ИГМИ'!E109 -> 726343,06 | F17: =D17*1.22 -> 886138.53
A18: II | B18: Проектная документация
B19: Проектные работы.ПД | C19: №12-02-01 | E19: ='№12-02-01 ПД - Форма 2п по Мето'!E351 -> 20078310,00 | F19: =E19*1.22 -> 24495538
A21: III | B21: Рабочая документация
B23: Проектные работы.РД | C23: №12-02-02 | E23: ='№12-02-02 РД - Форма 2п по'!E351 -> 13911700,00 | F23: =E23*1.22 -> 16972274
B26: Итого по видам работ | D26: =D14+D15+D16+D17 -> 3830484.9 | E26: =E19+E23 -> 33990010 | F26: =D26*1.22 -> 4673191.6
B27: Всего без НДС | D27: =D26+E26 -> 37820495 | F27: =D27*1.22 -> 46141004
B29: Всего | D29: =SUM(D27:E28) -> 37820495
B30: НДС 22% | D30: =D29*22% -> 8320508.9
B31: Всего | D31: =SUM(D29:E30) -> 46141004
B33: Руководитель проектной организации _____________
D34: [подпись (инициалы, фамилия)]
B35: Главный инженер проекта ______________
D36: [подпись (инициалы, фамилия)]
B37: Начальник _______________
C38: [подпись (инициалы, фамилия)] | D38: [подпись (инициалы, фамилия)]
B40: Заказчик ________________
C41: [должность, подпись (инициалы, фамилия)] | D41: [подпись (инициалы, фамилия)]

Sheet №12-01-01 ИГеолИ - Форма 2п по 
E2: Приложение № 7
E3: Утверждено приказом Минстроя РФ № 707/пр от 01 октября 2021 г c учетом изменений по приказу № 409/пр от 08.06.2023 года
A4: СМЕТА № 12-01-01
A5: на проектные работы
A6: Проведение работ по строительству «сухой» снежной свалки для складирования снежных масс с организацией системы транспортировки талой воды на локальные очистные сооружения., Проведение работ по строительству «сухой» снежной свалки для складирования снежных масс с организацией системы транспортировки талой воды на локальные очистные сооружения.г Санкт-Петербург, вн.тер.г. муниципальный округ Народный, ул. Народная, з/у 114, на инженерно-геологические изыскания | M6: Проведение работ по строительству «сухой» снежной свалки для складирования снежных масс с организацией системы транспортировки талой воды на локальные очистные сооружения., Проведение работ по строительству «сухой» снежной свалки для складирования снежных масс с организацией системы транспортировки талой воды на локальные очистные сооружения.г Санкт-Петербург, вн.тер.г. муниципальный округ Народный, ул. Народная, з/у 114, на инженерно-геологические изыскания
A7: (наименование стройки)
A9: Заказчик
A11: (наименование организации)
A12: Проектная организация
A14: (наименование организации)
A16: Составлена в уровне цен на 2кв.2026г
A18: № пп | B18: Наименование объекта проектирования или вида проектных работ | C18: Наименование, номера глав, таблиц, параграфов и пунктов МНЗ на проектные работы | D18: Расчет стоимости | E18: Сметная стоимость, руб.
A19: 1 | B19: 2 | C19: 3 | D19: 4 | E19: 5
A20: Раздел 1. Полевые работы
A21: 1 | B21: Рекогносцировочное почвенное обследование при проходимости удовлетворительной: 2 категория сложности, полевые работы, 1 (1 км маршрута) | C21: СБЦ "Инженерно-геологические и инженерно-экологические изыскания для строительства (1999)" табл.9 п.5-2-1 (СБЦ103-9-5-2-1) | D21: (4,33*1)*1,1*1,1*0,85*1,3*80,58 (A*X)*К1*К2*К3*К4*Кинф | E21: 466.51
C22: При выдаче заказчику промежуточных материалов изысканий (если это предусмотрено техническим заданием, программой) | D22: К1 = 1,1 (ОУ п.15)
C23: для 2 категории сложности | D23: К2 = 1,1 (прим.1)
C24: При проведении полевых работ без выплаты работникам командировочных или полевого довольствия | D24: К3 = 0,85 (ОУ п.14)
C25: При выполнении полевых изыскательских работ в неблагоприятный период года: при продолжительности неблагоприятного периода 6-7,5 мес. | D25: К4 = 1,3 (ОУ п.8г)
C26: С индексом в ценах 2 квартала 2026 года по письму Минстроя России от 08.04.2026г. №20212-ИФ/09 (к ценам 1991г) к изыскательским работам | D26: Кинф = 80,5800 (1)
A27: Буровые и горнопроходческие работы
A28: 2 | B28: Колонковое бурение скважины диаметром до 160мм, глубиной до 15м: категория породы 2, 75 (м) | C28: СБЦ "Инженерно-геологические и инженерно-экологические изыскания для строительства (1999)" табл.17 п.1-2 (СБЦ103-17-1-2) | D28: (38,4*75)*1,3*0,85*1,1*80,58 где количество 5*15 = 75 (A*X)*К1*К2*К3*Кинф | E28: 282081.57
C29: При выполнении полевых изыскательских работ в неблагоприятный период года: при продолжительности неблагоприятного периода 6-7,5 мес. | D29: К1 = 1,3 (ОУ п.8г)
C30: При проведении полевых работ без выплаты работникам командировочных или полевого довольствия | D30: К2 = 0,85 (ОУ п.14)
C31: При выдаче заказчику промежуточных материалов изысканий (если это предусмотрено техническим заданием, программой) | D31: К3 = 1,1 (ОУ п.15)
C32: С индексом в ценах 2 квартала 2026 года по письму Минстроя России от 08.04.2026г. №20212-ИФ/09 (к ценам 1991г) к изыскательским работам | D32: Кинф = 80,5800 (1)
A33: 3 | B33: Плановая и высотная привязка при расстоянии между геологическими выработками или точками до 50м: категория сложности 2, 5 (1 выработка (точка)) | C33: СБЦ "Инженерно-геологические и инженерно-экологические изыскания для строительства (1999)" табл.93 п.1-2 (СБЦ103-93-1-2) | D33: (8,5*5)*1,1*1,1*0,85*1,3*80,58 (A*X)*К1*К2*К3*К4*Кинф | E33: 4578.93
C34: При выдаче заказчику промежуточных материалов изысканий (если это предусмотрено техническим заданием, программой) | D34: К1 = 1,1 (ОУ п.15)
C35: для 2 категории сложности | D35: К2 = 1,1 (прим.1)
C36: При проведении полевых работ без выплаты работникам командировочных или полевого довольствия | D36: К3 = 0,85 (ОУ п.14)
C37: При выполнении полевых изыскательских работ в неблагоприятный период года: при продолжительности неблагоприятного периода 6-7,5 мес. | D37: К4 = 1,3 (ОУ п.8г)
C38: С индексом в ценах 2 квартала 2026 года по письму Минстроя России от 08.04.2026г. №20212-ИФ/09 (к ценам 1991г) к изыскательским работам | D38: Кинф = 80,5800 (1)
A39: 4 | B39: Гидрогеологические наблюдения при бурении скважины диаметром до 160мм глубиной до 15м, 75 (м) | C39: СБЦ "Инженерно-геологические и инженерно-экологические изыскания для строительства (1999)" табл.18 п.1-1 (СБЦ103-18-1-1) | D39: (1,6*75)*1,3*0,85*1,1*80,58 где количество 75 = 75 (A*X)*К2*К3*К4*Кинф | E39: 11753.4
C40: При выполнении полевых изыскательских работ в неблагоприятный период года: при продолжительности неблагоприятного периода 6-7,5 мес. | D40: К2 = 1,3 (ОУ п.8г)
C41: При проведении полевых работ без выплаты работникам командировочных или полевого довольствия | D41: К3 = 0,85 (ОУ п.14)
C42: При выдаче заказчику промежуточных материалов изысканий (если это предусмотрено техническим заданием, программой) | D42: К4 = 1,1 (ОУ п.15)
C43: С индексом в ценах 2 квартала 2026 года по письму Минстроя России от 08.04.2026г. №20212-ИФ/09 (к ценам 1991г) к изыскательским работам | D43: Кинф = 80,5800 (1)
A44: 5 | B44: Крепление скважины при бурении диаметром до 160мм глубиной до 15м, 75 (м) | C44: СБЦ "Инженерно-геологические и инженерно-экологические изыскания для строительства (1999)" табл.18 п.4-1 (СБЦ103-18-4-1) | D44: (2,1*75)*1,3*0,85*1,1*80,58 где количество 75 = 75 (A*X)*К1*К2*К3*Кинф | E44: 15426.34
C45: При выполнении полевых изыскательских работ в неблагоприятный период года: при продолжительности неблагоприятного периода 6-7,5 мес. | D45: К1 = 1,3 (ОУ п.8г)
C46: При проведении полевых работ без выплаты работникам командировочных или полевого довольствия | D46: К2 = 0,85 (ОУ п.14)
C47: При выдаче заказчику промежуточных материалов изысканий (если это предусмотрено техническим заданием, программой) | D47: К3 = 1,1 (ОУ п.15)
C48: С индексом в ценах 2 квартала 2026 года по письму Минстроя России от 08.04.2026г. №20212-ИФ/09 (к ценам 1991г) к изыскательским работам | D48: Кинф = 80,5800 (1)
A49: 6 | B49: Стационарные наблюдения в скважинах за температурой пород с частотой: 1 раз в 10 дней, условия проходимости удовлетворительные, 5 (точка/мес.) | C49: СБЦ "Инженерно-геологические и инженерно-экологические изыскания для строительства (1999)" табл.40 п.2-2 (СБЦ103-40-2-2) | D49: (88,6*5)*1,3*0,85*1,1*80,58 (A*X)*К1*К2*К3*Кинф | E49: 43389.63
C50: При выполнении полевых изыскательских работ в неблагоприятный период года: при продолжительности неблагоприятного периода 6-7,5 мес. | D50: К1 = 1,3 (ОУ п.8г)
C51: При проведении полевых работ без выплаты работникам командировочных или полевого довольствия | D51: К2 = 0,85 (ОУ п.14)
C52: При выдаче заказчику промежуточных материалов изысканий (если это предусмотрено техническим заданием, программой) | D52: К3 = 1,1 (ОУ п.15)
C53: С индексом в ценах 2 квартала 2026 года по письму Минстроя России от 08.04.2026г. №20212-ИФ/09 (к ценам 1991г) к изыскательским работам | D53: Кинф = 80,5800 (1)
A54: 7 | B54: Отбор монолитов из буровых скважин (связные грунты) с глубины до 10м, 10 (1 монолит) | C54: СБЦ "Инженерно-геологические и инженерно-экологические изыскания для строительства (1999)" табл.57 п.1-1 (СБЦ103-57-1-1) | D54: (22,9*10)*1,3*0,85*1,1*80,58 (A*X)*К1*К2*К3*Кинф | E54: 22429.4
C55: При выполнении полевых изыскательских работ в неблагоприятный период года: при продолжительности неблагоприятного периода 6-7,5 мес. | D55: К1 = 1,3 (ОУ п.8г)
C56: При проведении полевых работ без выплаты работникам командировочных или полевого довольствия | D56: К2 = 0,85 (ОУ п.14)
C57: При выдаче заказчику промежуточных материалов изысканий (если это предусмотрено техническим заданием, программой) | D57: К3 = 1,1 (ОУ п.15)
C58: С индексом в ценах 2 квартала 2026 года по письму Минстроя России от 08.04.2026г. №20212-ИФ/09 (к ценам 1991г) к изыскательским работам | D58: Кинф = 80,5800 (1)
A59: 8 | B59: Отбор точечных проб для анализа на загрязненность по химическим показателям: воды с поверхности, 3 (1 проба) | C59: СБЦ "Инженерно-геологические и инженерно-экологические изыскания для строительства (1999)" табл.60 п.1 (СБЦ103-60-1) | D59: (4,6*3)*1,2*1,3*0,85*80,58 (A*X)*К1*К2*К3*Кинф | E59: 1474.52
C60: отбор пробы на радиоактивное загрязнение или газо-химические исследования | D60: К1 = 1,2 (прим.2)
C61: При выполнении полевых изыскательских работ в неблагоприятный период года: при продолжительности неблагоприятного периода 6-7,5 мес. | D61: К2 = 1,3 (ОУ п.8г)
C62: При проведении полевых работ без выплаты работникам командировочных или полевого довольствия | D62: К3 = 0,85 (ОУ п.14)
C63: С индексом в ценах 2 квартала 2026 года по письму Минстроя России от 08.04.2026г. №20212-ИФ/09 (к ценам 1991г) к изыскательским работам | D63: Кинф = 80,5800 (1)
A64: 9 | B64: Установка тампона в скважину: глубина установки до 50м, 5 (1 тампон) | C64: СБЦ "Инженерно-геологические и инженерно-экологические изыскания для строительства (1999)" табл.43 п.1-1 (СБЦ103-43-1-1) | D64: (72,2*5)*1,3*0,85*80,58 где количество 5 = 5 (A*X)*К1*К2*Кинф | E64: 32143.76
C65: При выполнении полевых изыскательских работ в неблагоприятный период года: при продолжительности неблагоприятного периода 6-7,5 мес. | D65: К1 = 1,3 (ОУ п.8г)
C66: При проведении полевых работ без выплаты работникам командировочных или полевого довольствия | D66: К2 = 0,85 (ОУ п.14)
C67: С индексом в ценах 2 квартала 2026 года по письму Минстроя России от 08.04.2026г. №20212-ИФ/09 (к ценам 1991г) к изыскательским работам | D67: Кинф = 80,5800 (1)
B68: Итоги по разделу 1 Полевые работы:
B69: Итого Поз. 1-9 | E69: 413 744,06
B70: Итого по разделу 1 Полевые работы | E70: 413 744,06
A71: Раздел 2. Камеральные работы
A72: 10 | B72: Инженерно-геологическая, гидрогеологическая рекогносцировка при проходимости плохой: 2 категория сложности, камеральные работы, 1 (1 км маршрута) | C72: СБЦ "Инженерно-геологические и инженерно-экологические изыскания для строительства (1999)" табл.9 п.3-2-2 (СБЦ103-9-3-2-2) | D72: (18,5*1)*1,1*80,58 где количество 1 = 1 (A*X)*К2*Кинф | E72: 1639.8
C73: для 2 категории сложности | D73: К2 = 1,1 (прим.1)
C74: С индексом в ценах 2 квартала 2026 года по письму Минстроя России от 08.04.2026г. №20212-ИФ/09 (к ценам 1991г) к изыскательским работам | D74: Кинф = 80,5800 (1)
B75: Итоги по разделу 2 Камеральные работы:
B76: Итого Поз. 10 | E76: 1 639,80
B77: Итого по разделу 2 Камеральные работы | E77: 1 639,80
A78: Раздел 3. 2. Лабораторные работы
A79: Комплексные исследования физико-механических свойств песчанных грунтов.
A80: 11 | B80: Комплекс определений оптимальной влажности и плотности песчаных грунтов, 10 (1 образец) | C80: СБЦ "Инженерно-геологические и инженерно-экологические изыскания для строительства (1999)" табл.65 п.2 (СБЦ103-65-2) | D80: (40*10)*80,58 где количество 10 = 10 (A*X)*Кинф | E80: 32232
C81: С индексом в ценах 2 квартала 2026 года по письму Минстроя России от 08.04.2026г. №20212-ИФ/09 (к ценам 1991г) к изыскательским работам | D81: Кинф = 80,5800 (1)
A82: Комплексные исследования физико-механических свойств глинистых грунтов.
A83: 12 | B83: Полный комплекс физико-механических свойств глинистого грунта с определением сопротивления грунта срезу (неконсолидированный срез) и компенсированными испытаниями с нагрузкой до 0,6МПа, 10 (1 образец) | C83: СБЦ "Инженерно-геологические и инженерно-экологические изыскания для строительства (1999)" табл.63 п.27 (СБЦ103-63-27) | D83: (178,1*10)*80,58 где количество 10 = 10 (A*X)*Кинф | E83: 143512.98
C84: С индексом в ценах 2 квартала 2026 года по письму Минстроя России от 08.04.2026г. №20212-ИФ/09 (к ценам 1991г) к изыскательским работам | D84: Кинф = 80,5800 (1)
A85: Комплексные исследования химического состава воды и грунта
A86: 13 | B86: Стандартный (типовой) анализ воды, 3 (1 проба) | C86: СБЦ "Инженерно-геологические и инженерно-экологические изыскания для строительства (1999)" табл.73 п.2 (СБЦ103-73-2) | D86: (67,3*3)*80,58 где количество 3 = 3 (A*X)*Кинф | E86: 16269.1
C87: С индексом в ценах 2 квартала 2026 года по письму Минстроя России от 08.04.2026г. №20212-ИФ/09 (к ценам 1991г) к изыскательским работам | D87: Кинф = 80,5800 (1)
A88: 14 | B88: Сокращенный анализ водной вытяжки (для почв), 3 (1 образец) | C88: СБЦ "Инженерно-геологические и инженерно-экологические изыскания для строительства (1999)" табл.71 п.3 (СБЦ103-71-3) | D88: (19,1*3)*80,58 где количество 3 = 3 (A*X)*Кинф | E88: 4617.23
C89: С индексом в ценах 2 квартала 2026 года по письму Минстроя России от 08.04.2026г. №20212-ИФ/09 (к ценам 1991г) к изыскательским работам | D89: Кинф = 80,5800 (1)
A90: Комплексные исследования на коррозийность
A91: 15 | B91: Определение коррозионной активности грунтов и грунтовых вод по отношению к бетону, 3 (1 проба) | C91: СБЦ "Инженерно-геологические и инженерно-экологические изыскания для строительства (1999)" табл.75 п.5 (СБЦ103-75-5) | D91: (25,4*3)*80,58 где количество 3 = 3 (A*X)*Кинф | E91: 6140.2
C92: С индексом в ценах 2 квартала 2026 года по письму Минстроя России от 08.04.2026г. №20212-ИФ/09 (к ценам 1991г) к изыскательским работам | D92: Кинф = 80,5800 (1)
A93: 16 | B93: Определение коррозионной активности грунтов по отношению к стали, 3 (1 проба) | C93: СБЦ "Инженерно-геологические и инженерно-экологические изыскания для строительства (1999)" табл.75 п.4 (СБЦ103-75-4) | D93: (18,2*3)*80,58 где количество 3 = 3 (A*X)*Кинф | E93: 4399.67
C94: С индексом в ценах 2 квартала 2026 года по письму Минстроя России от 08.04.2026г. №20212-ИФ/09 (к ценам 1991г) к изыскательским работам | D94: Кинф = 80,5800 (1)
A95: 17 | B95: Определение коррозионной активности грунтов по отношению к свинцовой и алюминиевой оболочке кабеля одновременно, 3 (1 проба) | C95: СБЦ "Инженерно-геологические и инженерно-экологические изыскания для строительства (1999)" табл.75 п.3 (СБЦ103-75-3) | D95: (20,5*3)*80,58 где количество 3 = 3 (A*X)*Кинф | E95: 4955.67
C96: С индексом в ценах 2 квартала 2026 года по письму Минстроя России от 08.04.2026г. №20212-ИФ/09 (к ценам 1991г) к изыскательским работам | D96: Кинф = 80,5800 (1)
A97: 18 | B97: Определение коррозионной активности грунтовых и других вод по отношению к свинцовым и алюминиевым оболочкам кабеля одновременно, 3 (1 проба) | C97: СБЦ "Инженерно-геологические и инженерно-экологические изыскания для строительства (1999)" табл.75 п.8 (СБЦ103-75-8) | D97: (21,5*3)*80,58 где количество 3 = 3 (A*X)*Кинф | E97: 5197.41
C98: С индексом в ценах 2 квартала 2026 года по письму Минстроя России от 08.04.2026г. №20212-ИФ/09 (к ценам 1991г) к изыскательским работам | D98: Кинф = 80,5800 (1)
A99: 19 | B99: Единичные определения химического состава грунтов (почв): органические вещества (гумус) методом прокаливания при температурах 120,230,420*С последовательно, 3 (1 образец) | C99: СБЦ "Инженерно-геологические и инженерно-экологические изыскания для строительства (1999)" табл.70 п.11 (СБЦ103-70-11) | D99: (8,6*3)*80,58 где количество 3 = 3 (A*X)*Кинф | E99: 2078.96
C100: С индексом в ценах 2 квартала 2026 года по письму Минстроя России от 08.04.2026г. №20212-ИФ/09 (к ценам 1991г) к изыскательским работам | D100: Кинф = 80,5800 (1)
B101: Итоги по разделу 3 2. Лабораторные работы:
B102: Итого Поз. 11-19 | E102: 219 403,22
B103: Итого по разделу 3 2. Лабораторные работы | E103: 219 403,22
A104: Раздел 4. Камеральные работы
A105: 20 | B105: Составление программы производства работ, средняя глубина исследования: до 5м, исследуемая площадь до 1км2, 1 (1 программа) | C105: СБЦ "Инженерно-геологические и инженерно-экологические изыскания для строительства (1999)" табл.81 п.1-1 (СБЦ103-81-1-1) | D105: (200*1)*80,58 (A*X)*Кинф | E105: 16116
C106: С индексом в ценах 2 квартала 2026 года по письму Минстроя России от 08.04.2026г. №20212-ИФ/09 (к ценам 1991г) к изыскательским работам | D106: Кинф = 80,5800 (1)
...

Sheet №12-01-02 ИГеодИ - Форма 2п по 
E2: Приложение № 7
E3: Утверждено приказом Минстроя РФ № 707/пр от 01 октября 2021 г c учетом изменений по приказу № 409/пр от 08.06.2023 года
A4: СМЕТА № 12-01-02
A5: на проектные работы
A6: Проведение работ по строительству «сухой» снежной свалки для складирования снежных масс с организацией системы транспортировки талой воды на локальные очистные сооружения., Проведение работ по строительству «сухой» снежной свалки для складирования снежных масс с организацией системы транспортировки талой воды на локальные очистные сооружения.г Санкт-Петербург, вн.тер.г. муниципальный округ Народный, ул. Народная, з/у 114, на инженерно-геодезические изыскания | M6: Проведение работ по строительству «сухой» снежной свалки для складирования снежных масс с организацией системы транспортировки талой воды на локальные очистные сооружения., Проведение работ по строительству «сухой» снежной свалки для складирования снежных масс с организацией системы транспортировки талой воды на локальные очистные сооружения.г Санкт-Петербург, вн.тер.г. муниципальный округ Народный, ул. Народная, з/у 114, на инженерно-геодезические изыскания
A7: (наименование стройки)
A9: Заказчик
A11: (наименование организации)
A12: Проектная организация
A14: (наименование организации)
A16: Составлена в уровне цен на 2кв.2026г
A18: № пп | B18: Наименование объекта проектирования или вида проектных работ | C18: Наименование, номера глав, таблиц, параграфов и пунктов МНЗ на проектные работы | D18: Расчет стоимости | E18: Сметная стоимость, руб.
A19: 1 | B19: 2 | C19: 3 | D19: 4 | E19: 5
A20: Раздел 1. Полевые работы.
A21: 1 | B21: Создание пунктов плановой опорной геодезической сети без закладки центров методом спутниковых геодезических определений, 1-го разряда в условиях выполнения полевых работ: II категории, 2 (1 пункт) | C21: НЗ_ИГДИ. Нормативные затраты на работы по инженерно-геодезическим изысканиям (2024). Таблица 7. п.5 (НЗ_ИГДИ-7-5) | D21: (41587*2)*1,25 (A*X)*Кинф | E21: 103967.5
C22: С индексом в ценах 2 квартала 2026 года по письму Минстроя России от 08.04.2026г. №20212-ИФ/09 (к ценам 2024г) к изыскательским работам | D22: Кинф = 1,2500 (3)
A23: 2 | B23: Топографическая съемка тахеометрическим методом и сочетанием тахеометрического метода с методом спутниковых геодезических определений с высотой сечения рельефа через 0,5 метров, застроенной территории в масштабе 1:500 в условиях выполнения полевых работ: I категории, 10,8 (1 гектар) | C23: НЗ_ИГДИ. Нормативные затраты на работы по инженерно-геодезическим изысканиям (2024). Таблица 18. п.10 (НЗ_ИГДИ-18-10) | D23: (26170*10,8)*1,25 где количество 10,8 = 10,8 (A*X)*Кинф | E23: 353295
C24: С индексом в ценах 2 квартала 2026 года по письму Минстроя России от 08.04.2026г. №20212-ИФ/09 (к ценам 2024г) к изыскательским работам | D24: Кинф = 1,2500 (3)
A25: 3 | B25: Инженерно-геодезические изыскания трасс магистральных трубопроводов: 1 категории сложности - полевые работы, 1 (км) | C25: СБЦ "Инженерно-геодезические изыскания (2004)" табл.13 п.1-1-1 (СБЦ102-13-1-1-1) | D25: (5790*1)*0,85*1,3*1,2*1,1*7,07 (A*X)*К1*К6*К2*К3*Кинф | E25: 59708.23
C26: При выполнении полевых работ без выплаты полевого довольствия | D26: К1 = 0,85 (ОУ п.14)
C27: При выполнении полевых изыскательских работ, а также выполняемых в условиях полевого лагеря камеральных работ в неблагоприятный период года, при продолжительности неблагоприятного периода 6-7,5 мес. | D27: К6 = 1,3 (ОУ п.8в)
C28: Для планов подземных коммуникаций на незастроенных территориях с применением трубокабелеискателей | D28: К2 = 1,2 (прим.4)
C29: При выдаче заказчику промежуточных материалов изысканий (если это предусмотрено техническим заданием или программой работ) | D29: К3 = 1,1 (ОУ п.15а)
C30: С индексом в ценах 2 квартала 2026 года по письму Минстроя России от 08.04.2026г. №20212-ИФ/09 (к ценам 2001г) к изыскательским работам | D30: Кинф = 7,0700 (2)
B31: Итоги по разделу 1 Полевые работы.:
B32: Итого Поз. 1-3 | E32: 516 970,73
B33: Итого по разделу 1 Полевые работы. | E33: 516 970,73
A34: Раздел 2. Камеральные работы.
A35: 4 | B35: Камеральная обработка результатов измерений, выполненных при создании пунктов плановой опорной геодезической сети 4-го класса, 1-го и 2-го разрядов, 2 (1 пункт) | C35: НЗ_ИГДИ. Нормативные затраты на работы по инженерно-геодезическим изысканиям (2024). Таблица 16. п.1 (НЗ_ИГДИ-16-1) | D35: (1714*2)*1,25 где количество 2 = 2 (A*X)*Кинф | E35: 4285
C36: С индексом в ценах 2 квартала 2026 года по письму Минстроя России от 08.04.2026г. №20212-ИФ/09 (к ценам 2024г) к изыскательским работам | D36: Кинф = 1,2500 (3)
A37: 5 | B37: Согласование нанесения на инженерно-топографический план подземных инженерных коммуникаций и их технических характеристик с собственниками (эксплуатирующими организациями): известными, 4 (1 собственник (эксплуатирующая организация)) | C37: НЗ_ИГДИ. Нормативные затраты на работы по инженерно-геодезическим изысканиям (2024). Таблица 82. п.1 (НЗ_ИГДИ-82-1) | D37: (21451*4)*1,25 (A*X)*Кинф | E37: 107255
C38: С индексом в ценах 2 квартала 2026 года по письму Минстроя России от 08.04.2026г. №20212-ИФ/09 (к ценам 2024г) к изыскательским работам | D38: Кинф = 1,2500 (3)
A39: 6 | B39: Камеральные работы по составлению программы инженерно-геодезических изысканий при общей стоимости полевых и камеральных работ, определенной по показателям затрат, приведенным в НЗ: до 100 тысяч рублей включительно, 1 (1 программа) | C39: НЗ_ИГДИ. Нормативные затраты на работы по инженерно-геодезическим изысканиям (2024). Таблица 80. п.1 (НЗ_ИГДИ-80-1) | D39: (6205*1)*1,25 (B*X)*Кинф | E39: 7756.25
C40: С индексом в ценах 2 квартала 2026 года по письму Минстроя России от 08.04.2026г. №20212-ИФ/09 (к ценам 2024г) к изыскательским работам | D40: Кинф = 1,2500 (3)
A41: 7 | B41: Камеральные работы по составлению технического отчета по результатам выполнения работ по ИГДИ при общей стоимости полевых и камеральных работ, определенной по показателям затрат, приведенным в НЗ: до 100 тысяч рублей включительно, 1 (1 отчет) | C41: НЗ_ИГДИ. Нормативные затраты на работы по инженерно-геодезическим изысканиям (2024). Таблица 80. п.1 (НЗ_ИГДИ-81-1) | D41: (19000*1)*1,25 где количество 1 = 1 (B*X)*Кинф | E41: 23750
C42: С индексом в ценах 2 квартала 2026 года по письму Минстроя России от 08.04.2026г. №20212-ИФ/09 (к ценам 2024г) к изыскательским работам | D42: Кинф = 1,2500 (3)
A43: 8 | B43: Инженерно-геодезические изыскания трасс магистральных трубопроводов: 1 категории сложности - камеральные работы, 1 (км) | C43: СБЦ "Инженерно-геодезические изыскания (2004)" табл.13 п.1-1-2 (СБЦ102-13-1-1-2) | D43: (3302*1)*1,2*1,1*1,1*7,07 где количество 1 = 1 (A*X)*К5*К6*К1*Кинф | E43: 33897.14
C44: При выполнении камеральных и картографических работ с применением компьютерных технологий | D44: К5 = 1,2 (ОУ п.15д)
C45: При сдаче технического отчета в Федеральный фонд к стоимости камеральных работ | D45: К6 = 1,1 (Ч.1 ОП п.5)
C46: При выдаче заказчику промежуточных материалов изысканий (если это предусмотрено техническим заданием или программой работ) | D46: К1 = 1,1 (ОУ п.15а)
C47: С индексом в ценах 2 квартала 2026 года по письму Минстроя России от 08.04.2026г. №20212-ИФ/09 (к ценам 2001г) к изыскательским работам | D47: Кинф = 7,0700 (2)
B48: Итоги по разделу 2 Камеральные работы.:
B49: Итого Поз. 4-8 | E49: 176 943,39
B50: Итого по разделу 2 Камеральные работы. | E50: 176 943,39
A51: Раздел 3. Прочие расходы
A52: 9 | B52: Выдача координат пунктов геодезической сети, сети сгущения (съемочной сети), 5 (пункт) | C52: СБЦ "Инженерно-геодезические изыскания (2004)" табл.81 п.2 (СБЦ102-81-2) | D52: (80*5)*1,2*7,07 (A*X)*К1*Кинф | E52: 3393.6
C53: При выполнении камеральных и картографических работ с применением компьютерных технологий | D53: К1 = 1,2 (ОУ п.15д)
C54: С индексом в ценах 2 квартала 2026 года по письму Минстроя России от 08.04.2026г. №20212-ИФ/09 (к ценам 2001г) к изыскательским работам | D54: Кинф = 7,0700 (2)
A55: 10 | B55: Выдача высот пунктов (знаков) геодезических и нивелирных сетей, сетей сгущения (съемочных сетей, 5 (пункт) | C55: СБЦ "Инженерно-геодезические изыскания (2004)" табл.81 п.3 (СБЦ102-81-3) | D55: (80*5)*1,2*7,07 (A*X)*К1*Кинф | E55: 3393.6
C56: При выполнении камеральных и картографических работ с применением компьютерных технологий | D56: К1 = 1,2 (ОУ п.15д)
C57: С индексом в ценах 2 квартала 2026 года по письму Минстроя России от 08.04.2026г. №20212-ИФ/09 (к ценам 2001г) к изыскательским работам | D57: Кинф = 7,0700 (2)
A58: 11 | B58: Выдача справок и картограмм по топографо-геодезической изученности участка (объекта) изысканий и трасс инженерных коммуникаций, 1 (объект) | C58: СБЦ "Инженерно-геодезические изыскания (2004)" табл.81 п.4 (СБЦ102-81-4) | D58: (300*1)*1,2*7,07 (A*X)*К1*Кинф | E58: 2545.2
C59: При выполнении камеральных и картографических работ с применением компьютерных технологий | D59: К1 = 1,2 (ОУ п.15д)
C60: С индексом в ценах 2 квартала 2026 года по письму Минстроя России от 08.04.2026г. №20212-ИФ/09 (к ценам 2001г) к изыскательским работам | D60: Кинф = 7,0700 (2)
A61: 12 | B61: Выдача координат красных линий, линий застройки, других линий градостроительного регулирования, 2 (точка) | C61: СБЦ "Инженерно-геодезические изыскания (2004)" табл.81 п.7 (СБЦ102-81-7) | D61: (130*2)*1,2*7,07 (A*X)*К1*Кинф | E61: 2205.84
C62: При выполнении камеральных и картографических работ с применением компьютерных технологий | D62: К1 = 1,2 (ОУ п.15д)
C63: С индексом в ценах 2 квартала 2026 года по письму Минстроя России от 08.04.2026г. №20212-ИФ/09 (к ценам 2001г) к изыскательским работам | D63: Кинф = 7,0700 (2)
A64: 13 | B64: Расходы по внутреннему транспорту, расстояние от базы изыскательской организации, экспедиции, партии или отряда до участка изысканий до 5 км:при сметной стоимости полевых изыскательских работ до 75 тыс. руб. - 8,75 %, 73121,74 (руб.) | C64: СБЦ "Инженерно-геодезические изыскания (2004)" табл.4 п.1-1 (СБЦ102-4-1-1) | D64: (8,75*73121,74)*0,01*7,07 где количество 516970,73/7,07 = 73121,74 (B*X)*К1*Кинф | E64: 45234.94
C65: 7,5% | D65: К1 = 0,01
C66: С индексом в ценах 2 квартала 2026 года по письму Минстроя России от 08.04.2026г. №20212-ИФ/09 (к ценам 2001г) к изыскательским работам | D66: Кинф = 7,0700 (2)
A67: 14 | B67: Расходы по организации и ликвидации работ на объекте, 79519,89 (руб) | C67: СБЦ "Инженерно-геодезические изыскания (2004)" п.13 (СБЦ ОУ п.13) | D67: (0,06*79519,89)*7,07 где количество 73121,74+73121,74*8,75/100 = 79519,89 (B*X)*Кинф | E67: 33732.34
C68: К размерам расходов по организации и ликвидации работ, определяемым по пункту 13, применяются следующие коэффициенты: 2,5 - для изысканий со сметной стоимостью до 30 тыс. руб. | D68: К1 = (т.13 ОУ)
C69: С индексом в ценах 2 квартала 2026 года по письму Минстроя России от 08.04.2026г. №20212-ИФ/09 (к ценам 2001г) к изыскательским работам | D69: Кинф = 7,0700 (2)
B70: Итоги по разделу 3 Прочие расходы:
B71: Итого Поз. 9-14 | E71: 90 505,52
B72: Итого по разделу 3 Прочие расходы | E72: 90 505,52
A73: Раздел 4. Оформление разрешений
A74: 15 | B74: Регистрация (оформление разрешений) инженерных изысканий для строительства и приемки материалов выполненных топографо-геодезических работ: сметная стоимость изысканий до 25 тыс.руб. - 4%, 5 (1 регистрация) | C74: СБЦ "Инженерно-геодезические изыскания при строительстве и эксплуатации зданий и сооружений (2006)" табл.65 п.1 (СБЦ105-65-1) | D74: (4*5)*0,01*7,07 где количество 5 = 5 (A*X)*К1*Кинф | E74: 1.41
C75: 4% | D75: К1 = 0,01
C76: С индексом в ценах 2 квартала 2026 года по письму Минстроя России от 08.04.2026г. №20212-ИФ/09 (к ценам 2001г) к изыскательским работам | D76: Кинф = 7,0700 (2)
B77: Итоги по разделу 4 Оформление разрешений:
B78: Итого Поз. 15 | E78: 1,41
B79: Итого по разделу 4 Оформление разрешений | E79: 1,41
B80: Итоги по смете:
B81: Итого Поз. 1-15 | E81: 784421,05
B82: НДС 22% | E82: =E81*22% -> 172572.63
B83: ВСЕГО по смете | E83: =E81+E82 -> 956993.68
B85: Руководитель проектной организации
C86: [подпись (инициалы, фамилия)]
B87: Главный инженер проекта
C88: [подпись (инициалы, фамилия)]
B89: Начальник Проектный отдел
C90: [подпись (инициалы, фамилия)]
B91: Заказчик
C92: [должность, подпись (инициалы, фамилия)

Sheet №12-01-03 ИЭИ - Форма 2п по Мет
E2: Приложение № 7
E3: Утверждено приказом Минстроя РФ № 707/пр от 01 октября 2021 г c учетом изменений по приказу № 409/пр от 08.06.2023 года
A4: СМЕТА № 12-01-03
A5: на проектные работы
A6: Проведение работ по строительству «сухой» снежной свалки для складирования снежных масс с организацией системы транспортировки талой воды на локальные очистные сооружения., Проведение работ по строительству «сухой» снежной свалки для складирования снежных масс с организацией системы транспортировки талой воды на локальные очистные сооружения.г Санкт-Петербург, вн.тер.г. муниципальный округ Народный, ул. Народная, з/у 114, на инженерно-экологические изыскания | M6: Проведение работ по строительству «сухой» снежной свалки для складирования снежных масс с организацией системы транспортировки талой воды на локальные очистные сооружения., Проведение работ по строительству «сухой» снежной свалки для складирования снежных масс с организацией системы транспортировки талой воды на локальные очистные сооружения.г Санкт-Петербург, вн.тер.г. муниципальный округ Народный, ул. Народная, з/у 114, на инженерно-экологические изыскания
A7: (наименование стройки)
A9: Заказчик
A11: (наименование организации)
A12: Проектная организация
A14: (наименование организации)
A16: Составлена в уровне цен на 2кв.2026г
A18: № пп | B18: Наименование объекта проектирования или вида проектных работ | C18: Наименование, номера глав, таблиц, параграфов и пунктов МНЗ на проектные работы | D18: Расчет стоимости | E18: Сметная стоимость, руб.
A19: 1 | B19: 2 | C19: 3 | D19: 4 | E19: 5
A20: Раздел 1. Полевые работы
A22: 1 | B22: Наблюдения при передвижении по маршруту при составлении инженерно-геологической, гидрогеологической, почвенной, инженерно-экологической карты в масштабе 1:2000-1:1000: проходимость удовлетворительная, камеральные работы, 1 (1 км маршрута) | C22: СБЦ "Инженерно-геологические и инженерно-экологические изыскания для строительства (1999)" табл.10 п.4-2-2 (СБЦ103-10-4-2-2) | D22: (2,1*1)*1,1*0,85*1,3*1,3*80,58 (A*X)*К2*К3*К4*К5*Кинф | E22: 267.39
C23: для 2 категории сложности | D23: К2 = 1,1 (прим.1)
C24: При проведении полевых работ без выплаты работникам командировочных или полевого довольствия | D24: К3 = 0,85 (ОУ п.14)
C25: При выполнении полевых изыскательских работ в неблагоприятный период года: при продолжительности неблагоприятного периода 6-7,5 мес. | D25: К4 = 1,3 (ОУ п.8г)
C26: при выполнении эколого-радиационных изысканий с измерением гамма-излучения | D26: К5 = 1,3 (прим.1)
C27: С индексом в ценах 2 квартала 2026 года по письму Минстроя России от 08.04.2026г. №20212-ИФ/09 (к ценам 1991г) к изыскательским работам | D27: Кинф = 80,5800 (1)
A28: 2 | B28: Описание точек наблюдений при составлении инженерно-геологических (гидрогеологических) карт: категория сложности 1, полевые работы, 2 (1 точка) | C28: СБЦ "Инженерно-геологические и инженерно-экологические изыскания для строительства (1999)" табл.11 п.1-1-1 (СБЦ103-11-1-1-1) | D28: (6,8*2)*1,1*0,85*1,3*1,3*80,58 (A*X)*К2*К3*К4*К5*Кинф | E28: 1731.67
C29: для 2 категории сложности | D29: К2 = 1,1 (прим.1)
C30: При проведении полевых работ без выплаты работникам командировочных или полевого довольствия | D30: К3 = 0,85 (ОУ п.14)
C31: При выполнении полевых изыскательских работ в неблагоприятный период года: при продолжительности неблагоприятного периода 6-7,5 мес. | D31: К4 = 1,3 (ОУ п.8г)
C32: комплексные карты и карта с нанесением данных радиометрических наблюдений | D32: К5 = 1,3 (прим.1)
C33: С индексом в ценах 2 квартала 2026 года по письму Минстроя России от 08.04.2026г. №20212-ИФ/09 (к ценам 1991г) к изыскательским работам | D33: Кинф = 80,5800 (1)
A34: 3 | B34: Радиационное обследование участка площадью: св. 1.0 га - полевые работы, 108 (0,1 га) | C34: СБЦ "Инженерно-геологические и инженерно-экологические изыскания для строительства (1999)" табл.92 п.3-1 (СБЦ103-92-3-1) | D34: (49,2*108)*1,1*0,85*1,3*80,58 где количество 10,8/0,1 = 108 (A*X)*К2*К3*К4*Кинф | E34: 520440.5
C35: для 2 категории сложности | D35: К2 = 1,1 (прим.1)
C36: При проведении полевых работ без выплаты работникам командировочных или полевого довольствия | D36: К3 = 0,85 (ОУ п.14)
C37: При выполнении полевых изыскательских работ в неблагоприятный период года: при продолжительности неблагоприятного периода 6-7,5 мес. | D37: К4 = 1,3 (ОУ п.8г)
C38: С индексом в ценах 2 квартала 2026 года по письму Минстроя России от 08.04.2026г. №20212-ИФ/09 (к ценам 1991г) к изыскательским работам | D38: Кинф = 80,5800 (1)
A39: 4 | B39: Измерение потока радона на участке - полевые работы, 0,75 (20 точек) | C39: СБЦ "Инженерно-геологические и инженерно-экологические изыскания для строительства (1999)" табл.91 п.1-1 (СБЦ103-91-1-1) | D39: (535*0,75)*1,1*0,85*1,3*80,58 где количество 15/20 = 0,75 (A*X)*К2*К3*К4*Кинф | E39: 39300.43
C40: для 2 категории сложности | D40: К2 = 1,1 (прим.1)
C41: При проведении полевых работ без выплаты работникам командировочных или полевого довольствия | D41: К3 = 0,85 (ОУ п.14)
C42: При выполнении полевых изыскательских работ в неблагоприятный период года: при продолжительности неблагоприятного периода 6-7,5 мес. | D42: К4 = 1,3 (ОУ п.8г)
C43: С индексом в ценах 2 квартала 2026 года по письму Минстроя России от 08.04.2026г. №20212-ИФ/09 (к ценам 1991г) к изыскательским работам | D43: Кинф = 80,5800 (1)
A44: Отбор проб
A45: 5 | B45: Отбор точечных проб для анализа на загрязненность по химическим показателям: воды с поверхности, 3 (1 проба) | C45: СБЦ "Инженерно-геологические и инженерно-экологические изыскания для строительства (1999)" табл.60 п.1 (СБЦ103-60-1) | D45: (4,6*3)*0,85*1,3*80,58 (A*X)*К3*К4*Кинф | E45: 1228.76
C46: При проведении полевых работ без выплаты работникам командировочных или полевого довольствия | D46: К3 = 0,85 (ОУ п.14)
C47: При выполнении полевых изыскательских работ в неблагоприятный период года: при продолжительности неблагоприятного периода 6-7,5 мес. | D47: К4 = 1,3 (ОУ п.8г)
C48: С индексом в ценах 2 квартала 2026 года по письму Минстроя России от 08.04.2026г. №20212-ИФ/09 (к ценам 1991г) к изыскательским работам | D48: Кинф = 80,5800 (1)
A49: 6 | B49: Отбор точечных проб для анализа на загрязненность по химическим показателям: почво-грунтов (методами конверта, по диагонали и т.п.), 3 (1 проба) | C49: СБЦ "Инженерно-геологические и инженерно-экологические изыскания для строительства (1999)" табл.60 п.7 (СБЦ103-60-7) | D49: (6,9*3)*0,85*1,3*80,58 (A*X)*К3*К4*Кинф | E49: 1843.15
C50: При проведении полевых работ без выплаты работникам командировочных или полевого довольствия | D50: К3 = 0,85 (ОУ п.14)
C51: При выполнении полевых изыскательских работ в неблагоприятный период года: при продолжительности неблагоприятного периода 6-7,5 мес. | D51: К4 = 1,3 (ОУ п.8г)
C52: С индексом в ценах 2 квартала 2026 года по письму Минстроя России от 08.04.2026г. №20212-ИФ/09 (к ценам 1991г) к изыскательским работам | D52: Кинф = 80,5800 (1)
A53: 7 | B53: Отбор проб для бактериологического анализа: почво-грунтов с одной пробной площадки(на бактерологическое обследование), 3 (1 проба) | C53: СБЦ "Инженерно-геологические и инженерно-экологические изыскания для строительства (1999)" табл.60 п.10 (СБЦ103-60-10) | D53: (37,7*3)*0,85*1,3*80,58 (A*X)*К3*К4*Кинф | E53: 10070.53
C54: При проведении полевых работ без выплаты работникам командировочных или полевого довольствия | D54: К3 = 0,85 (ОУ п.14)
C55: При выполнении полевых изыскательских работ в неблагоприятный период года: при продолжительности неблагоприятного периода 6-7,5 мес. | D55: К4 = 1,3 (ОУ п.8г)
C56: С индексом в ценах 2 квартала 2026 года по письму Минстроя России от 08.04.2026г. №20212-ИФ/09 (к ценам 1991г) к изыскательским работам | D56: Кинф = 80,5800 (1)
A57: 8 | B57: Отбор проб для бактериологического анализа: почво-грунтов с одной пробной площадки(на санитарно-паразитологическое обследование), 3 (1 проба) | C57: СБЦ "Инженерно-геологические и инженерно-экологические изыскания для строительства (1999)" табл.60 п.10 (СБЦ103-60-10) | D57: (37,7*3)*0,85*1,3*80,58 (A*X)*К3*К4*Кинф | E57: 10070.53
C58: При проведении полевых работ без выплаты работникам командировочных или полевого довольствия | D58: К3 = 0,85 (ОУ п.14)
C59: При выполнении полевых изыскательских работ в неблагоприятный период года: при продолжительности неблагоприятного периода 6-7,5 мес. | D59: К4 = 1,3 (ОУ п.8г)
C60: С индексом в ценах 2 квартала 2026 года по письму Минстроя России от 08.04.2026г. №20212-ИФ/09 (к ценам 1991г) к изыскательским работам | D60: Кинф = 80,5800 (1)
A61: 9 | B61: Отбор проб для бактериологического анализа: почво-грунтов с одной пробной площадки (на токсикологическое обследование, 3 (1 проба) | C61: СБЦ "Инженерно-геологические и инженерно-экологические изыскания для строительства (1999)" табл.60 п.10 (СБЦ103-60-10) | D61: (37,7*3)*0,85*1,3*80,58 (A*X)*К3*К4*Кинф | E61: 10070.53
C62: При проведении полевых работ без выплаты работникам командировочных или полевого довольствия | D62: К3 = 0,85 (ОУ п.14)
C63: При выполнении полевых изыскательских работ в неблагоприятный период года: при продолжительности неблагоприятного периода 6-7,5 мес. | D63: К4 = 1,3 (ОУ п.8г)
C64: С индексом в ценах 2 квартала 2026 года по письму Минстроя России от 08.04.2026г. №20212-ИФ/09 (к ценам 1991г) к изыскательским работам | D64: Кинф = 80,5800 (1)
A65: 10 | B65: Отбор точечных проб для анализа на загрязненность по химическим показателям: воздуха почвенного (грунтового) и приземной атмосферы (пробоотборниками), 3 (1 проба) | C65: СБЦ "Инженерно-геологические и инженерно-экологические изыскания для строительства (1999)" табл.60 п.8 (СБЦ103-60-8) | D65: (9,7*3)*0,85*1,3*80,58 (A*X)*К3*К4*Кинф | E65: 2591.09
C66: При проведении полевых работ без выплаты работникам командировочных или полевого довольствия | D66: К3 = 0,85 (ОУ п.14)
C67: При выполнении полевых изыскательских работ в неблагоприятный период года: при продолжительности неблагоприятного периода 6-7,5 мес. | D67: К4 = 1,3 (ОУ п.8г)
C68: С индексом в ценах 2 квартала 2026 года по письму Минстроя России от 08.04.2026г. №20212-ИФ/09 (к ценам 1991г) к изыскательским работам | D68: Кинф = 80,5800 (1)
B69: Итоги по разделу 1 Полевые работы:
B70: Итого Поз. 1-10 | E70: 597 614,58
B71: Итого по разделу 1 Полевые работы | E71: 597 614,58
A72: Раздел 2. Камеральные работы
A73: 11 | B73: Наблюдения при передвижении по маршруту при составлении инженерно-геологической, гидрогеологической, почвенной, инженерно-экологической карты в масштабе 1:2000-1:1000: проходимость хорошая, камеральные работы, 1 (1 км маршрута) | C73: СБЦ "Инженерно-геологические и инженерно-экологические изыскания для строительства (1999)" табл.10 п.4-1-2 (СБЦ103-10-4-1-2) | D73: (1,6*1)*80,58 где количество 1 = 1 (A*X)*Кинф | E73: 128.93
C74: С индексом в ценах 2 квартала 2026 года по письму Минстроя России от 08.04.2026г. №20212-ИФ/09 (к ценам 1991г) к изыскательским работам | D74: Кинф = 80,5800 (1)
A75: 12 | B75: Описание точек наблюдений при составлении инженерно-геологических (гидрогеологических) карт: категория сложности 2, камеральные работы, 2 (1 точка) | C75: СБЦ "Инженерно-геологические и инженерно-экологические изыскания для строительства (1999)" табл.11 п.1-2-2 (СБЦ103-11-1-2-2) | D75: (6,5*2)*80,58 где количество 2 = 2 (A*X)*Кинф | E75: 1047.54
C76: С индексом в ценах 2 квартала 2026 года по письму Минстроя России от 08.04.2026г. №20212-ИФ/09 (к ценам 1991г) к изыскательским работам | D76: Кинф = 80,5800 (1)
A77: 13 | B77: Радиационное обследование участка площадью: св. 1.0 га - камеральные работы, 108 (0,1 га) | C77: СБЦ "Инженерно-геологические и инженерно-экологические изыскания для строительства (1999)" табл.92 п.3-2 (СБЦ103-92-3-2) | D77: (14,8*108)*80,58 где количество 108 = 108 (A*X)*Кинф | E77: 128799.07
C78: С индексом в ценах 2 квартала 2026 года по письму Минстроя России от 08.04.2026г. №20212-ИФ/09 (к ценам 1991г) к изыскательским работам | D78: Кинф = 80,5800 (1)
A79: 14 | B79: Измерение потока радона на участке - камеральные работы, 0,75 (20 точек) | C79: СБЦ "Инженерно-геологические и инженерно-экологические изыскания для строительства (1999)" табл.91 п.1-2 (СБЦ103-91-1-2) | D79: (161*0,75)*80,58 где количество 0,75 = 0,75 (A*X)*Кинф | E79: 9730.04
C80: С индексом в ценах 2 квартала 2026 года по письму Минстроя России от 08.04.2026г. №20212-ИФ/09 (к ценам 1991г) к изыскательским работам | D80: Кинф = 80,5800 (1)
A81: Комплексные исследования физико-механических свойств песчанных грунтов.
A82: Комплексные исследования физико-механических свойств глинистых грунтов.
A83: 15 | B83: Лабораторные определения физических свойств песчаных, крупнообломочных, глинистых, органических, органо-минеральных, скальных и полускальных грунтов: определение гранулометрического (зернового) состава грунта ситовым методом с промывкой водой с разделением грунта на фракции размерами: свыше 10 миллиметров, от 5 до 10 миллиметров, от 2 до 5 миллиметров, от 1 до 2 миллиметров, от 0,5 до 1 миллиметра, от 0,25 до 0,5 миллиметра, от 0,1 до 0,25 миллиметра и до 0,1 миллиметра, 10 (одно определение) | C83: НЗ_ИГИ. "Нормативные затраты на работы по инженерно-геологическим изысканиям" Таблица 57 п.11 (НЗ_ИГИ-57-11) | D83: (1835*10)*1,25 (A*X)*Кинф | E83: 22937.5
C84: С индексом в ценах 2 квартала 2026 года по письму Минстроя России от 08.04.2026г. №20212-ИФ/09 (к ценам 2024г) к изыскательским работам | D84: Кинф = 1,2500 (3)
A85: Комплексные исследования химического состава воды и грунта
A86: 16 | B86: Стандартный (типовой) анализ воды, 3 (1 проба) | C86: СБЦ "Инженерно-геологические и инженерно-экологические изыскания для строительства (1999)" табл.73 п.2 (СБЦ103-73-2) | D86: (67,3*3)*80,58 (A*X)*Кинф | E86: 16269.1
C87: С индексом в ценах 2 квартала 2026 года по письму Минстроя России от 08.04.2026г. №20212-ИФ/09 (к ценам 1991г) к изыскательским работам | D87: Кинф = 80,5800 (1)
A88: 17 | B88: Сокращенный анализ водной вытяжки (для почв), 3 (1 образец) | C88: СБЦ "Инженерно-геологические и инженерно-экологические изыскания для строительства (1999)" табл.71 п.3 (СБЦ103-71-3) | D88: (19,1*3)*80,58 (A*X)*Кинф | E88: 4617.23
C89: С индексом в ценах 2 квартала 2026 года по письму Минстроя России от 08.04.2026г. №20212-ИФ/09 (к ценам 1991г) к изыскательским работам | D89: Кинф = 80,5800 (1)
A90: Комплексные исследования на коррозийность
B91: Итоги по разделу 2 Камеральные работы:
B92: Итого Поз. 11-17 | E92: 183 529,41
B93: Итого по разделу 2 Камеральные работы | E93: 183 529,41
A94: Раздел 3. 2. Лабораторные работы
A96: 18 | B96: Единичные определения химического состава грунтов (почв): определение 1 химического элемента без пробоподготовки методом спектрального анализа.Цинк Zn, 4 (1 образец) | C96: СБЦ "Инженерно-геологические и инженерно-экологические изыскания для строительства (1999)" табл.70 п.62 (СБЦ103-70-62) | D96: (51,2*4)*80,58 где количество 4 = 4 (A*X)*Кинф | E96: 16502.78
C97: С индексом в ценах 2 квартала 2026 года по письму Минстроя России от 08.04.2026г. №20212-ИФ/09 (к ценам 1991г) к изыскательским работам | D97: Кинф = 80,5800 (1)
A98: 19 | B98: Единичные определения химического состава грунтов (почв): определение 1 химического элемента без пробоподготовки методом спектрального анализа.Свинец Pb, 4 (1 образец) | C98: СБЦ "Инженерно-геологические и инженерно-экологические изыскания для строительства (1999)" табл.70 п.62 (СБЦ103-70-62) | D98: (51,2*4)*80,58 (A*X)*Кинф | E98: 16502.78
C99: С индексом в ценах 2 квартала 2026 года по письму Минстроя России от 08.04.2026г. №20212-ИФ/09 (к ценам 1991г) к изыскательским работам | D99: Кинф = 80,5800 (1)
A100: 20 | B100: Единичные определения химического состава грунтов (почв): определение 1 химического элемента без пробоподготовки методом спектрального анализа.Кадмий Cd, 4 (1 образец) | C100: СБЦ "Инженерно-геологические и инженерно-экологические изыскания для строительства (1999)" табл.70 п.62 (СБЦ103-70-62) | D100: (51,2*4)*80,58 где количество 4 = 4 (A*X)*Кинф | E100: 16502.78
C101: С индексом в ценах 2 квартала 2026 года по письму Минстроя России от 08.04.2026г. №20212-ИФ/09 (к ценам 1991г) к изыскательским работам | D101: Кинф = 80,5800 (1)
A102: 21 | B102: Единичные определения химического состава грунтов (почв): определение 1 химического элемента без пробоподготовки методом спектрального анализа.Мышьяк As, 4 (1 образец) | C102: СБЦ "Инженерно-геологические и инженерно-экологические изыскания для строительства (1999)" табл.70 п.62 (СБЦ103-70-62) | D102: (51,2*4)*80,58 где количество 4 = 4 (A*X)*Кинф | E102: 16502.78
C103: С индексом в ценах 2 квартала 2026 года по письму Минстроя России от 08.04.2026г. №20212-ИФ/09 (к ценам 1991г) к изыскательским работам | D103: Кинф = 80,5800 (1)
A104: 22 | B104: Единичные определения химического состава грунтов (почв): определение 1 химического элемента без пробоподготовки методом спектрального анализа.Ртуть Hg, 4 (1 образец) | C104: СБЦ "Инженерно-геологические и инженерно-экологические изыскания для строительства (1999)" табл.70 п.62 (СБЦ103-70-62) | D104: (51,2*4)*80,58 где количество 4 = 4 (A*X)*Кинф | E104: 16502.78
C105: С индексом в ценах 2 квартала 2026 года по письму Минстроя России от 08.04.2026г. №20212-ИФ/09 (к ценам 1991г) к изыскательским работам | D105: Кинф = 80,5800 (1)
A106: 23 | B106: Единичные определения химического состава грунтов (почв): определение 1 химического элемента без пробоподготовки методом спектрального анализа.Никель Ni, 4 (1 образец) | C106: СБЦ "Инженерно-геологические и инженерно-экологические изыскания для строительства (1999)" табл.70 п.62 (СБЦ103-70-62) | D106: (51,2*4)*80,58 где количество 4 = 4 (A*X)*Кинф | E106: 16502.78
C107: С индексом в ценах 2 квартала 2026 года по письму Минстроя России от 08.04.2026г. №20212-ИФ/09 (к ценам 1991г) к изыскательским работам | D107: Кинф = 80,5800 (1)
A108: 24 | B108: Единичные определения химического состава грунтов (почв): определение 1 химического элемента без пробоподготовки методом спектрального анализа.Медь Cu, 4 (1 образец) | C108: СБЦ "Инженерно-геологические и инженерно-экологические изыскания для строительства (1999)" табл.70 п.62 (СБЦ103-70-62) | D108: (51,2*4)*80,58 где количество 4 = 4 (A*X)*Кинф | E108: 16502.78
...

Sheet №12-01-04 Проектная смета  ИГМИ
E2: Приложение № 7
E3: Утверждено приказом Минстроя РФ № 707/пр от 01 октября 2021 г c учетом изменений по приказу № 409/пр от 08.06.2023 года
A4: СМЕТА № 12-01-04
A5: на проектные работы
A6: Проведение работ по строительству «сухой» снежной свалки для складирования снежных масс с организацией системы транспортировки талой воды на локальные очистные сооружения., Проведение работ по строительству «сухой» снежной свалки для складирования снежных масс с организацией системы транспортировки талой воды на локальные очистные сооружения.г Санкт-Петербург, вн.тер.г. муниципальный округ Народный, ул. Народная, з/у 114, на инженерно-гидрометеорологические изыскания | M6: Проведение работ по строительству «сухой» снежной свалки для складирования снежных масс с организацией системы транспортировки талой воды на локальные очистные сооружения., Проведение работ по строительству «сухой» снежной свалки для складирования снежных масс с организацией системы транспортировки талой воды на локальные очистные сооружения.г Санкт-Петербург, вн.тер.г. муниципальный округ Народный, ул. Народная, з/у 114, на инженерно-гидрометеорологические изыскания
A7: (наименование стройки)
A9: Заказчик
A11: (наименование организации)
A12: Проектная организация
A14: (наименование организации)
A16: Составлена в уровне цен на 2кв.2026г
A18: № пп | B18: Наименование объекта проектирования или вида проектных работ | C18: Наименование, номера глав, таблиц, параграфов и пунктов МНЗ на проектные работы | D18: Расчет стоимости | E18: Сметная стоимость, руб.
A19: 1 | B19: 2 | C19: 3 | D19: 4 | E19: 5
A20: Раздел 1. Полевые работы
A21: 1 | B21: Рекогносцировочное обследование реки: категория сложности 2, полевые работы, 1 (1 км реки) | C21: СБЦ "Инженерно-гидрографические работы. Инженерно-гидрометеорологические изыскания на реках (2001)" табл.43 п.1-2-1 (СБЦ104-43-1-2-1) | D21: (30*1)*1,3*1,25*0,85*1,1*80,58 (A*X)*К1*К2*К3*К4*Кинф | E21: 3672.94
C22: При выполнении полевых изыскательских работ в неблагоприятный период года продолжительностью 6-7,5 мес. | D22: К1 = 1,3 (ОУ п.8г)
C23: При рекогносцировочном обследовании реки и ее бассейна с выполнением экологических наблюдений или для целей водоснабжения с обследованием санитарного состояния участка | D23: К2 = 1,25 (Ч.2,Гл.8,Прим.)
C24: При проведении полевых работ без выплаты работникам командировочных или полевого довольствия | D24: К3 = 0,85 (ОУ п.14)
C25: При необходимости выдачи заказчику промежуточных материалов изысканий (если это предусмотрено техническим заданием, программой) | D25: К4 = 1,1 (ОУ п.15)
C26: С индексом в ценах 2 квартала 2026 года по письму Минстроя России от 08.04.2026г. №20212-ИФ/09 (к ценам 1991г) к изыскательским работам | D26: Кинф = 80,5800 (1)
A27: 2 | B27: Установление высот высоких и других характерных уровней воды прошлых лет при удалении найденных точек от оси морфоствора 1 км: категория сложности 2, 1 (1 комплекс показаний в одном поселке) | C27: СБЦ "Инженерно-гидрографические работы. Инженерно-гидрометеорологические изыскания на реках (2001)" табл.25 п.1-2 (СБЦ104-25-1-2) | D27: (133*1)*1,3*1,25*0,85*1,1*80,58 (A*X)*К1*К2*К3*К4*Кинф | E27: 16283.35
C28: При выполнении полевых изыскательских работ в неблагоприятный период года продолжительностью 6-7,5 мес. | D28: К1 = 1,3 (ОУ п.8г)
C29: При рекогносцировочном обследовании реки и ее бассейна с выполнением экологических наблюдений или для целей водоснабжения с обследованием санитарного состояния участка | D29: К2 = 1,25 (Ч.2,Гл.8,Прим.)
C30: При проведении полевых работ без выплаты работникам командировочных или полевого довольствия | D30: К3 = 0,85 (ОУ п.14)
C31: При необходимости выдачи заказчику промежуточных материалов изысканий (если это предусмотрено техническим заданием, программой) | D31: К4 = 1,1 (ОУ п.15)
C32: С индексом в ценах 2 квартала 2026 года по письму Минстроя России от 08.04.2026г. №20212-ИФ/09 (к ценам 1991г) к изыскательским работам | D32: Кинф = 80,5800 (1)
A33: 3 | B33: Промеры глубин малых рек и каналов-водоприемников шириной свыше 25 до 50 м: категория сложности 2, полевые работы, 1 (1 профиль) | C33: СБЦ "Инженерно-гидрографические работы. Инженерно-гидрометеорологические изыскания на реках (2001)" табл.9 п.33-2-1 (СБЦ104-9-33-2-1) | D33: (10*1)*1,3*1,25*0,85*1,1*80,58 (A*X)*К1*К2*К3*К4*Кинф | E33: 1224.31
C34: При выполнении полевых изыскательских работ в неблагоприятный период года продолжительностью 6-7,5 мес. | D34: К1 = 1,3 (ОУ п.8г)
C35: При рекогносцировочном обследовании реки и ее бассейна с выполнением экологических наблюдений или для целей водоснабжения с обследованием санитарного состояния участка | D35: К2 = 1,25 (Ч.2,Гл.8,Прим.)
C36: При проведении полевых работ без выплаты работникам командировочных или полевого довольствия | D36: К3 = 0,85 (ОУ п.14)
C37: При необходимости выдачи заказчику промежуточных материалов изысканий (если это предусмотрено техническим заданием, программой) | D37: К4 = 1,1 (ОУ п.15)
C38: С индексом в ценах 2 квартала 2026 года по письму Минстроя России от 08.04.2026г. №20212-ИФ/09 (к ценам 1991г) к изыскательским работам | D38: Кинф = 80,5800 (1)
A39: 4 | B39: Разбивка и нивелирование морфометрического створа: категория сложности 2, полевые работы, 1 (1 км морфометрического створа) | C39: СБЦ "Инженерно-гидрографические работы. Инженерно-гидрометеорологические изыскания на реках (2001)" табл.24 п.1-2-1 (СБЦ104-24-1-2-1) | D39: (161*1)*1,3*1,25*0,85*1,1*80,58 где количество 1 = 1 (A*X)*К1*К2*К3*К4*Кинф | E39: 19711.43
C40: При выполнении полевых изыскательских работ в неблагоприятный период года продолжительностью 6-7,5 мес. | D40: К1 = 1,3 (ОУ п.8г)
C41: При рекогносцировочном обследовании реки и ее бассейна с выполнением экологических наблюдений или для целей водоснабжения с обследованием санитарного состояния участка | D41: К2 = 1,25 (Ч.2,Гл.8,Прим.)
C42: При проведении полевых работ без выплаты работникам командировочных или полевого довольствия | D42: К3 = 0,85 (ОУ п.14)
C43: При необходимости выдачи заказчику промежуточных материалов изысканий (если это предусмотрено техническим заданием, программой) | D43: К4 = 1,1 (ОУ п.15)
C44: С индексом в ценах 2 квартала 2026 года по письму Минстроя России от 08.04.2026г. №20212-ИФ/09 (к ценам 1991г) к изыскательским работам | D44: Кинф = 80,5800 (1)
B45: Итоги по разделу 1 Полевые работы:
B46: Итого Поз. 1-4 | E46: 40 892,03
B47: Итого по разделу 1 Полевые работы | E47: 40 892,03
A48: Раздел 2. Камеральные работы
A49: 5 | B49: Рекогносцировочное обследование реки: категория сложности 2, камеральные работы, 1 (1 км реки) | C49: СБЦ "Инженерно-гидрографические работы. Инженерно-гидрометеорологические изыскания на реках (2001)" табл.43 п.1-2-2 (СБЦ104-43-1-2-2) | D49: (10*1)*1,25*1,1*80,58 где количество 1 = 1 (A*X)*К2*К4*Кинф | E49: 1107.98
C50: При рекогносцировочном обследовании реки и ее бассейна с выполнением экологических наблюдений или для целей водоснабжения с обследованием санитарного состояния участка | D50: К2 = 1,25 (Ч.2,Гл.8,Прим.)
C51: При необходимости выдачи заказчику промежуточных материалов изысканий (если это предусмотрено техническим заданием, программой) | D51: К4 = 1,1 (ОУ п.15)
C52: С индексом в ценах 2 квартала 2026 года по письму Минстроя России от 08.04.2026г. №20212-ИФ/09 (к ценам 1991г) к изыскательским работам | D52: Кинф = 80,5800 (1)
A53: 6 | B53: Разбивка и нивелирование морфометрического створа: категория сложности 2, камеральные работы, 1 (1 км морфометрического створа) | C53: СБЦ "Инженерно-гидрографические работы. Инженерно-гидрометеорологические изыскания на реках (2001)" табл.24 п.1-2-2 (СБЦ104-24-1-2-2) | D53: (14*1)*1,25*1,1*80,58 где количество 1 = 1 (A*X)*К2*К4*Кинф | E53: 1551.17
C54: При рекогносцировочном обследовании реки и ее бассейна с выполнением экологических наблюдений или для целей водоснабжения с обследованием санитарного состояния участка | D54: К2 = 1,25 (Ч.2,Гл.8,Прим.)
C55: При необходимости выдачи заказчику промежуточных материалов изысканий (если это предусмотрено техническим заданием, программой) | D55: К4 = 1,1 (ОУ п.15)
C56: С индексом в ценах 2 квартала 2026 года по письму Минстроя России от 08.04.2026г. №20212-ИФ/09 (к ценам 1991г) к изыскательским работам | D56: Кинф = 80,5800 (1)
A57: 7 | B57: Составление вспомогательной таблицы характеристик гидрологического режима (по одному пункту и одному элементу) при неискаженном водном режиме и числе лет наблюдений: до 50, 1 (1 таблица) | C57: СБЦ "Инженерно-гидрографические работы. Инженерно-гидрометеорологические изыскания на реках (2001)" табл.52 п.1 (СБЦ104-52-1) | D57: (108*1)*1,25*1,1*80,58 (A*X)*К2*К4*Кинф | E57: 11966.13
C58: При рекогносцировочном обследовании реки и ее бассейна с выполнением экологических наблюдений или для целей водоснабжения с обследованием санитарного состояния участка | D58: К2 = 1,25 (Ч.2,Гл.8,Прим.)
C59: При необходимости выдачи заказчику промежуточных материалов изысканий (если это предусмотрено техническим заданием, программой) | D59: К4 = 1,1 (ОУ п.15)
C60: С индексом в ценах 2 квартала 2026 года по письму Минстроя России от 08.04.2026г. №20212-ИФ/09 (к ценам 1991г) к изыскательским работам | D60: Кинф = 80,5800 (1)
A61: 8 | B61: Подбор станций или постов с оценкой качества материалов наблюдений и степени их репрезентативности, 1 (1 годостанция) | C61: СБЦ "Инженерно-гидрографические работы. Инженерно-гидрометеорологические изыскания на реках (2001)" табл.67 п.1 (СБЦ104-67-1) | D61: (90*1)*1,25*1,1*80,58 (A*X)*К2*К4*Кинф | E61: 9971.78
C62: При рекогносцировочном обследовании реки и ее бассейна с выполнением экологических наблюдений или для целей водоснабжения с обследованием санитарного состояния участка | D62: К2 = 1,25 (Ч.2,Гл.8,Прим.)
C63: При необходимости выдачи заказчику промежуточных материалов изысканий (если это предусмотрено техническим заданием, программой) | D63: К4 = 1,1 (ОУ п.15)
C64: С индексом в ценах 2 квартала 2026 года по письму Минстроя России от 08.04.2026г. №20212-ИФ/09 (к ценам 1991г) к изыскательским работам | D64: Кинф = 80,5800 (1)
A65: 9 | B65: Составление климатической характеристики района изысканий при числе метеорологических станций 1, число годостанций: до 50, 1 (1 записка) | C65: СБЦ "Инженерно-гидрографические работы. Инженерно-гидрометеорологические изыскания на реках (2001)" табл.69 п.1-1 (СБЦ104-69-1-1) | D65: (201*1)*1,25*1,1*80,58 (A*X)*К2*К4*Кинф | E65: 22270.3
C66: При рекогносцировочном обследовании реки и ее бассейна с выполнением экологических наблюдений или для целей водоснабжения с обследованием санитарного состояния участка | D66: К2 = 1,25 (Ч.2,Гл.8,Прим.)
C67: При необходимости выдачи заказчику промежуточных материалов изысканий (если это предусмотрено техническим заданием, программой) | D67: К4 = 1,1 (ОУ п.15)
C68: С индексом в ценах 2 квартала 2026 года по письму Минстроя России от 08.04.2026г. №20212-ИФ/09 (к ценам 1991г) к изыскательским работам | D68: Кинф = 80,5800 (1)
A69: 10 | B69: Выбор аналога при отсутствии данных наблюдений в исследуемом створе, 1 (1 расчет) | C69: СБЦ "Инженерно-гидрографические работы. Инженерно-гидрометеорологические изыскания на реках (2001)" табл.56 п.18 (СБЦ104-56-18) | D69: (206*1)*1,25*1,1*80,58 (A*X)*К2*К4*Кинф | E69: 22824.29
C70: При рекогносцировочном обследовании реки и ее бассейна с выполнением экологических наблюдений или для целей водоснабжения с обследованием санитарного состояния участка | D70: К2 = 1,25 (Ч.2,Гл.8,Прим.)
C71: При необходимости выдачи заказчику промежуточных материалов изысканий (если это предусмотрено техническим заданием, программой) | D71: К4 = 1,1 (ОУ п.15)
C72: С индексом в ценах 2 квартала 2026 года по письму Минстроя России от 08.04.2026г. №20212-ИФ/09 (к ценам 1991г) к изыскательским работам | D72: Кинф = 80,5800 (1)
A73: 11 | B73: Выбор аналога при отсутствии данных наблюдений в исследуемом створе, 1 (1 расчет) | C73: СБЦ "Инженерно-гидрографические работы. Инженерно-гидрометеорологические изыскания на реках (2001)" табл.56 п.18 (СБЦ104-56-18) | D73: (206*1)*1,25*1,1*80,58 (A*X)*К2*К4*Кинф | E73: 22824.29
C74: При рекогносцировочном обследовании реки и ее бассейна с выполнением экологических наблюдений или для целей водоснабжения с обследованием санитарного состояния участка | D74: К2 = 1,25 (Ч.2,Гл.8,Прим.)
C75: При необходимости выдачи заказчику промежуточных материалов изысканий (если это предусмотрено техническим заданием, программой) | D75: К4 = 1,1 (ОУ п.15)
C76: С индексом в ценах 2 квартала 2026 года по письму Минстроя России от 08.04.2026г. №20212-ИФ/09 (к ценам 1991г) к изыскательским работам | D76: Кинф = 80,5800 (1)
A77: 12 | B77: Обоснование проекта (ТЭО) производства гидрологических работ, стоимость камеральных работ: свыше 5 до 10 тыс.руб., 1 (1 программа) | C77: СБЦ "Инженерно-гидрографические работы. Инженерно-гидрометеорологические изыскания на реках (2001)" табл.53 п.3-2 (СБЦ104-53-3-2) | D77: (1700*1)*1,25*1,1*80,58 (A*X)*К2*К4*Кинф | E77: 188355.75
C78: При рекогносцировочном обследовании реки и ее бассейна с выполнением экологических наблюдений или для целей водоснабжения с обследованием санитарного состояния участка | D78: К2 = 1,25 (Ч.2,Гл.8,Прим.)
C79: При необходимости выдачи заказчику промежуточных материалов изысканий (если это предусмотрено техническим заданием, программой) | D79: К4 = 1,1 (ОУ п.15)
C80: С индексом в ценах 2 квартала 2026 года по письму Минстроя России от 08.04.2026г. №20212-ИФ/09 (к ценам 1991г) к изыскательским работам | D80: Кинф = 80,5800 (1)
A81: 13 | B81: Составление технического отчета (в % от стоимости камеральных работ), стоимость камеральных работ св. 1000 до 2000 руб.: степень гидрометеорологической изученности территории - неизученная - 80%, 3,48563 (1 отчет) | C81: СБЦ "Инженерно-гидрографические работы. Инженерно-гидрометеорологические изыскания на реках (2001)" табл.62 п.3-3 (СБЦ104-62-3-3) | D81: (80*3,48563)*1,25*1,1*80,58 где количество 3485,63/1000 = 3,48563 (A*X)*К2*К4*Кинф | E81: 30895.93
C82: При рекогносцировочном обследовании реки и ее бассейна с выполнением экологических наблюдений или для целей водоснабжения с обследованием санитарного состояния участка | D82: К2 = 1,25 (Ч.2,Гл.8,Прим.)
C83: При необходимости выдачи заказчику промежуточных материалов изысканий (если это предусмотрено техническим заданием, программой) | D83: К4 = 1,1 (ОУ п.15)
C84: С индексом в ценах 2 квартала 2026 года по письму Минстроя России от 08.04.2026г. №20212-ИФ/09 (к ценам 1991г) к изыскательским работам | D84: Кинф = 80,5800 (1)
A85: 14 | B85: Производство метеорологических расчетов: Глубина промерзания грунта, 20 годостанций, 1 (1 расчет) | C85: СБЦ "Инженерно-гидрографические работы. Инженерно-гидрометеорологические изыскания на реках (2001)" табл.68 п.15 (СБЦ104-68-15) | D85: (49*1)*1,25*1,1*80,58 (A*X)*К2*К4*Кинф | E85: 5429.08
C86: При рекогносцировочном обследовании реки и ее бассейна с выполнением экологических наблюдений или для целей водоснабжения с обследованием санитарного состояния участка | D86: К2 = 1,25 (Ч.2,Гл.8,Прим.)
C87: При необходимости выдачи заказчику промежуточных материалов изысканий (если это предусмотрено техническим заданием, программой) | D87: К4 = 1,1 (ОУ п.15)
C88: С индексом в ценах 2 квартала 2026 года по письму Минстроя России от 08.04.2026г. №20212-ИФ/09 (к ценам 1991г) к изыскательским работам | D88: Кинф = 80,5800 (1)
A89: 15 | B89: Обоснование проекта (ТЭО) производства гидрологических работ, стоимость камеральных работ: свыше 2 до 5 тыс.руб., 1 (1 программа) | C89: СБЦ "Инженерно-гидрографические работы. Инженерно-гидрометеорологические изыскания на реках (2001)" табл.53 п.2-2 (СБЦ104-53-2-2) | D89: (800*1)*1,25*1,1*80,58 (A*X)*К2*К4*Кинф | E89: 88638
C90: При рекогносцировочном обследовании реки и ее бассейна с выполнением экологических наблюдений или для целей водоснабжения с обследованием санитарного состояния участка | D90: К2 = 1,25 (Ч.2,Гл.8,Прим.)
C91: При необходимости выдачи заказчику промежуточных материалов изысканий (если это предусмотрено техническим заданием, программой) | D91: К4 = 1,1 (ОУ п.15)
C92: С индексом в ценах 2 квартала 2026 года по письму Минстроя России от 08.04.2026г. №20212-ИФ/09 (к ценам 1991г) к изыскательским работам | D92: Кинф = 80,5800 (1)
B93: Итоги по разделу 2 Камеральные работы:
B94: Итого Поз. 5-15 | E94: 405 834,70
B95: Итого по разделу 2 Камеральные работы | E95: 405 834,70
A96: Раздел 3. Прочие расходы
A97: 16 | B97: Расходы по внутреннему транспорту, %, расстояние от базы изыскательской организации, экспедиции, партии или отряда до участка изысканий до 5 км: при сметной стоимости полевых изыскательских работ до 5 тыс.руб.- 8,75 %, 507,5 (руб.) | C97: СБЦ "Инженерно-гидрографические работы. Инженерно-гидрометеорологические изыскания на реках (2001)" табл.4 п.1-1 (СБЦ104-4-1-1) | D97: (8,75*507,5)*0,01*80,58 где количество 40892,03/80,58 = 507,5 (B*X)*К1*Кинф | E97: 3578.26
C98: 12,5% | D98: К1 = 0,01
C99: С индексом в ценах 2 квартала 2026 года по письму Минстроя России от 08.04.2026г. №20212-ИФ/09 (к ценам 1991г) к изыскательским работам | D99: Кинф = 80,5800 (1)
A100: 17 | B100: Расходы по организации и ликвидации работ на объекте, 570,94 (руб) | C100: СБЦ "Инженерно-гидрографические работы. Инженерно-гидрометеорологические изыскания на реках (2001)" (СБЦ ОУ п.13) | D100: (6*570,94)*80,58 где количество 507,5+12,5% от 507,5 = 570,94 (B*X)*Кинф | E100: 276038.07
C101: С индексом в ценах 2 квартала 2026 года по письму Минстроя России от 08.04.2026г. №20212-ИФ/09 (к ценам 1991г) к изыскательским работам | D101: Кинф = 80,5800 (1)
B102: Итоги по разделу 3 Прочие расходы:
B103: Итого Поз. 16-17 | E103: 279 616,33
B104: Итого по разделу 3 Прочие расходы | E104: 279 616,33
B105: Итоги по смете:
B106: Итоги по разделу 1 Полевые работы | E106: 40 892,03
...

Sheet №12-02-01 ПД - Форма 2п по Мето
E2: Приложение № 7
E3: Утверждено приказом Минстроя РФ № 707/пр от 01 октября 2021 г c учетом изменений по приказу № 409/пр от 08.06.2023 года
A4: СМЕТА № 12-02-01
A5: на проектные работы
A6: Проведение работ по строительству «сухой» снежной свалки для складирования снежных масс с организацией системы транспортировки талой воды на локальные очистные сооружения., Проведение работ по строительству «сухой» снежной свалки для складирования снежных масс с организацией системы транспортировки талой воды на локальные очистные сооружения.г Санкт-Петербург, вн.тер.г. муниципальный округ Народный, ул. Народная, з/у 114, Проектные работы.Стадия ПД | M6: Проведение работ по строительству «сухой» снежной свалки для складирования снежных масс с организацией системы транспортировки талой воды на локальные очистные сооружения., Проведение работ по строительству «сухой» снежной свалки для складирования снежных масс с организацией системы транспортировки талой воды на локальные очистные сооружения.г Санкт-Петербург, вн.тер.г. муниципальный округ Народный, ул. Народная, з/у 114, Проектные работы.Стадия ПД
A7: (наименование стройки)
A9: Заказчик
A11: (наименование организации)
A12: Проектная организация
A14: (наименование организации)
A16: Составлена в уровне цен на 2кв.2026г
A18: № пп | B18: Наименование объекта проектирования или вида проектных работ | C18: Наименование, номера глав, таблиц, параграфов и пунктов МНЗ на проектные работы | D18: Расчет стоимости | E18: Сметная стоимость, руб.
A19: 1 | B19: 2 | C19: 3 | D19: 4 | E19: 5
A20: Раздел 1. Основные здания
A21: 1 | B21: Сооружение для очистки поверхностного стока селитебных территорий и площадок предприятий, производительностью:от 4 до 10 тысяч кубических метров/сутки включительно, 5 (тысяч кубических метров/сутки) | C21: НЗ "О нормативных затратах на работы по подготовке проектной документации для строительства, реконструкции и капитального ремонта объектов водоснабжения, водоотведения и водоочистки" Таблица 3.12 п.4.3 (НЗ_ОВВиВ-3.12-4.3) | D21: (3048100+120767*5)*1,2*1,5*1,11*1,1*0,6*1,27 (A+B*X)*К2*К3*К4*К5*К6*Кинф | E21: 6115980
C22: Проектирование сооружения очистки сточных вод на земельных участках с коэффициентом застройки свыше 0,5 включительно | D22: К2 = 1,2 (ТЧ_р.III_п.45_т.3.12.1_п.1)
C23: Проектирование сооружения для очистки поверхностного стока селитебных территорий и площадок предприятий с организацией последующего сброса очищенных сточных вод в водоемы высшей, первой и второй категории рыбохозяйственного назначения | D23: К3 = 1,5 (ТЧ_р.III_п.45_т.3.12.1_п.2)
C24: Подготовка проектной и рабочей документации объектов водоснабжения и водоотведения, содержащей материалы в форме информационной модели | D24: К4 = 1,11 (ТЧ_р.II_п.23_т.2_п.8)
C25: Проектирование линейных объектов водоснабжения и водоотведения из полимерных труб, требующих проверки на статическую устойчивость в период длительной эксплуатации | D25: К5 = 1,1 (ТЧ_р.II_п.23_т.2_п.3)
C26: Распределение стоимости работ по подготовке проектной и рабочей документации, содержащей материалы в форме информационной модели, по видам разрабатываемой документации приведено в таблице 1.2 настоящего пункта НЗ и уточняется по согласованию между исполнителем и заказчиком. | D26: К6 = 0,6 (ТЧ_р.I_п.9_т.1.2_п.1)
C27: С индексом в ценах 2 квартала 2026 года по письму Минстроя России от 08.04.2026г. №20212-ИФ/09 (к ценам 2024г) к проектным работам | D27: Кинф = 1,2700 (6)
C28: ПЗ | D28: 1%; | E28: 61 160,00
C29: ПЗУ | D29: 3%; | E29: 183 480,00
C30: АР | D30: 8%; | E30: 489 280,00
C31: КР | D31: 13%; | E31: 795 080,00
C32: ИОС: ЭС | D32: 5%; | E32: 305 800,00
C33: ИОС: ВС | D33: 5%; | E33: 305 800,00
C34: ИОС: ВО | D34: 5%; | E34: 305 800,00
C35: ИОС: ОВ | D35: 5%; | E35: 305 800,00
C36: ИОС: СС | D36: 3%; | E36: 183 480,00
C37: ИОС: АВТ | D37: 7%; | E37: 428 120,00
C38: ТХ | D38: 20%; | E38: 1 223 200,00
C39: ПОС | D39: 5%; | E39: 305 800,00
... C43: СМ | D43: 5%; | E43: 305 800,00
C44: Итого ``Коэфф. относительной стоимости`` | D44: 100%
A45: 2 | B45: Сооружение обеззараживания сточных вод, производительностью:от 50 до 800 кубических метров/час включительно, 42 (кубических метров/час) | C45: НЗ "О нормативных затратах на работы по подготовке проектной документации для строительства, реконструкции и капитального ремонта объектов водоснабжения, водоотведения и водоочистки" Таблица 3.12 п.18.1 (НЗ_ОВВиВ-3.12-18.1) | D45: (824900+1334*(0.4*50+0.6*42))*1,2*1,11*1,1*0,6*1,27 где количество 90000/90/24 = 42 (A+B*(0.4*X1+0.6*X))*К2*К3*К4*К6*Кинф | E45: 988310
C46: Проектирование сооружения очистки сточных вод на земельных участках с коэффициентом застройки свыше 0,5 включительно | D46: К2 = 1,2 (ТЧ_р.III_п.45_т.3.12.1_п.1)
C47: Подготовка проектной и рабочей документации объектов водоснабжения и водоотведения, содержащей материалы в форме информационной модели | D47: К3 = 1,11 (ТЧ_р.II_п.23_т.2_п.8)
C48: Проектирование линейных объектов водоснабжения и водоотведения из полимерных труб, требующих проверки на статическую устойчивость в период длительной эксплуатации | D48: К4 = 1,1 (ТЧ_р.II_п.23_т.2_п.3)
C49: Распределение стоимости работ по подготовке проектной и рабочей документации, содержащей материалы в форме информационной модели, по видам разрабатываемой документации приведено в таблице 1.2 настоящего пункта НЗ и уточняется по согласованию между исполнителем и заказчиком. | D49: К6 = 0,6 (ТЧ_р.I_п.9_т.1.2_п.1)
C50: С индексом в ценах 2 квартала 2026 года по письму Минстроя России от 08.04.2026г. №20212-ИФ/09 (к ценам 2024г) к проектным работам | D50: Кинф = 1,2700 (6)
C51: ПЗ | D51: 1%; | E51: 9 880,00
C52: ПЗУ | D52: 3%; | E52: 29 650,00
C53: АР | D53: 8%; | E53: 79 060,00
C54: КР | D54: 13%; | E54: 128 480,00
C55: ИОС: ЭС | D55: 5%; | E55: 49 420,00
C56: ИОС: ВС | D56: 5%; | E56: 49 420,00
C57: ИОС: ВО | D57: 5%; | E57: 49 420,00
C58: ИОС: ОВ | D58: 5%; | E58: 49 420,00
C59: ИОС: СС | D59: 3%; | E59: 29 650,00
C60: ИОС: АВТ | D60: 7%; | E60: 69 180,00
C61: ТХ | D61: 20%; | E61: 197 660,00
C62: ПОС | D62: 5%; | E62: 49 420,00
... C66: СМ | D66: 5%; | E66: 49 420,00
C67: Итого ``Коэфф. относительной стоимости`` | D67: 100%
A68: 3 | B68: Санитарно-защитные зоны площадью:до 50 га, 25 (га) | C68: СБЦ "Объекты жилищно-гражданского строительства (2003)" табл.28 п.8 (СБЦ4-28-8) | D68: (16720+(21740-16720)/(100-50)*(25-50)*0,6)*0,3*0,432*7,1 (A1+(A2-A1)/(X2-X1)*(X-X1)*0,6)*К1*К2*Кинф | E68: 14000
C69: Стадийность проектирования | D69: К1 = 0,3
C70: Понижающий коэффициент 10,8га/25га | D70: К2 = 0,432 (1)
C71: С индексом в ценах 2 квартала 2026 года по письму Минстроя России от 08.04.2026г. №20212-ИФ/09 (к ценам 2001г) к проектным работам | D71: Кинф = 7,1000 (2)
C72: Генплан и транспорт | D72: 20%; | E72: 2 800,00
C73: Разбивочные чертежи планировки | D73: 20%; | E73: 2 800,00
C74: Посадочные и разбивочные чертежи озеленения | D74: 29%; | E74: 4 060,00
C75: Дорожная сеть | D75: 21%; | E75: 2 940,00
C76: Сметная документация | D76: 10%; | E76: 1 400,00
C77: Итого ``Коэфф. относительной стоимости`` | D77: 100%
A78: 4 | B78: Резервуары для воды емкостью:cвыше 20 до 40 тыс.м3, 25 (1 тыс.м3) | C78: СБЦП "Объекты водоснабжения и канализации (2015)" табл.5 п.15 (СБЦП17-5-15) | D78: (180550+11820*25)*1,4*1,3*0,6*7,1 где количество 25000/1000 = 25 (A+B*X)*К3*К4*К1*Кинф | E78: 3690910
C79: При проектировании зданий и сооружений с ограждающими и несущими конструкциями из монолитного железобетона | D79: К3 = 1,4 (ОП п.1.18)
C80: При проектировании в городах Москва и Санкт-Петербург (до) | D80: К4 = 1,3 (ОП п.1.9)
C81: Стадия проектирования | D81: К1 = 0,6 (ОП п.1.7)
C82: С индексом в ценах 2 квартала 2026 года по письму Минстроя России от 08.04.2026г. №20212-ИФ/09 (к ценам 2001г) к проектным работам | D82: Кинф = 7,1000 (2)
C83: Пояснительная записка | D83: 2%; | E83: 73 820,00
C84: Схема планировочной организации земельного участка | D84: 2%; | E84: 73 820,00
C85: Архитектурные решения | D85: 5%; | E85: 184 550,00
C86: Конструктивные и объемнопланировочные решения | D86: 18%; | E86: 664 360,00
C87: Инженерное оборудование, сети, инженерно-технические мероприятия, технологические решения: Система электроснабжения | D87: 8%; | E87: 295 270,00
C88: Инженерное оборудование, сети, инженерно-технические мероприятия, технологические решения: Система водоснабжения | D88: 2%; | E88: 73 820,00
C89: Инженерное оборудование, сети, инженерно-технические мероприятия, технологические решения: Система водоотведения | D89: 2%; | E89: 73 820,00
C90: Инженерное оборудование, сети, инженерно-технические мероприятия, технологические решения: Отопление, вентиляция | D90: 6%; | E90: 221 450,00
C91: Инженерное оборудование, сети, инженерно-технические мероприятия, технологические решения: Основные общеинженерные системы связи и оповещения | D91: 2%; | E91: 73 820,00
C92: Инженерное оборудование, сети, инженерно-технические мероприятия, технологические решения: Технологические решения | D92: 25%; | E92: 922 730,00
C93: Проект организации строительства | D93: 6%; | E93: 221 450,00
C94: Перечень мероприятий по охране окружающей среды | D94: 8%; | E94: 295 270,00
... C98: Смета на строительство | D98: 7%; | E98: 258 360,00
C99: Итого ``Коэфф. относительной стоимости`` | D99: 100%
B100: Итоги по разделу 1 Основные здания.Сборник 2004-2014гг:
B101: Итого Поз. 1-4 | E101: 10 809 200,00
B102: Итого по разделу 1 Основные здания.Сборник 2004-2014гг | E102: 10 809 200,00
A103: Раздел 2. Вспомогательные объекты
A104: 5 | B104: КПП, площадью: от 20 до 200 включительно, 27 (м2) | C104: НЗ_ОГС "Строительство объектов городской среды", таб.3.3 п.1 (НЗ_ОГС-3.3-1) | D104: (62200+4139*27)*1,3*1,24*0,6*1,53 (A+B*X)*К2*К3*К4*Кинф | E104: 257420
C105: Проектирование объектов в черте городов: Москва и Санкт-Петербург | D105: К2 = 1,3 (ОП п.19 Таб.2.1 п.4.3)
C106: На подготовку проектной и рабочей документации отдельных зданий подсобного и обслуживающего назначения, содержащей материалы в форме информационной модели | D106: К3 = 1,24 (Таб.3.3.1 п.1)
C107: Распределение стоимости работ по подготовке проектной и рабочей документации, содержащей материалы в форме информационной модели | D107: К4 = 0,6 (ОП п.20 Таб.2.2)
C108: С индексом в ценах 2 квартала 2026 года по письму Минстроя России от 08.04.2026г. №20212-ИФ/09 (к ценам 2022г) к проектным работам | D108: Кинф = 1,5300 (4)
C109: ПЗ | D109: 1%; | E109: 2 570,00
C110: ПЗУ - ГП | D110: 5%; | E110: 12 870,00
C111: ПЗУ - ОР | D111: 9%; | E111: 23 170,00
C112: ПЗУ- БЛГ | D112: 8%; | E112: 20 590,00
C113: АР | D113: 13%; | E113: 33 460,00
C114: КР | D114: 21%; | E114: 54 060,00
C115: ИОС - ЭО | D115: 3%; | E115: 7 720,00
...

Sheet №12-02-02 РД - Форма 2п по
E2: Приложение № 7
E3: Утверждено приказом Минстроя РФ № 707/пр от 01 октября 2021 г c учетом изменений по приказу № 409/пр от 08.06.2023 года
A4: СМЕТА № 12-02-02
A5: на проектные работы
A6: Проведение работ по строительству «сухой» снежной свалки для складирования снежных масс с организацией системы транспортировки талой воды на локальные очистные сооружения., Проведение работ по строительству «сухой» снежной свалки для складирования снежных масс с организацией системы транспортировки талой воды на локальные очистные сооружения.г Санкт-Петербург, вн.тер.г. муниципальный округ Народный, ул. Народная, з/у 114, Проектные работы.Стадия РД | M6: Проведение работ по строительству «сухой» снежной свалки для складирования снежных масс с организацией системы транспортировки талой воды на локальные очистные сооружения., Проведение работ по строительству «сухой» снежной свалки для складирования снежных масс с организацией системы транспортировки талой воды на локальные очистные сооружения.г Санкт-Петербург, вн.тер.г. муниципальный округ Народный, ул. Народная, з/у 114, Проектные работы.Стадия РД
A7: (наименование стройки)
A9: Заказчик
A11: (наименование организации)
A12: Проектная организация
A14: (наименование организации)
A16: Составлена в уровне цен на 2кв.2026г
A18: № пп | B18: Наименование объекта проектирования или вида проектных работ | C18: Наименование, номера глав, таблиц, параграфов и пунктов МНЗ на проектные работы | D18: Расчет стоимости | E18: Сметная стоимость, руб.
A19: 1 | B19: 2 | C19: 3 | D19: 4 | E19: 5
A20: Раздел 1. Основные здания
A21: 1 | B21: Сооружение для очистки поверхностного стока селитебных территорий и площадок предприятий, производительностью:от 4 до 10 тысяч кубических метров/сутки включительно, 5 (тысяч кубических метров/сутки) | C21: НЗ "О нормативных затратах на работы по подготовке проектной документации для строительства, реконструкции и капитального ремонта объектов водоснабжения, водоотведения и водоочистки" Таблица 3.12 п.4.3 (НЗ_ОВВиВ-3.12-4.3) | D21: (3048100+120767*5)*1,2*1,5*1,11*1,1*0,4*1,27 (A+B*X)*К2*К3*К4*К5*К6*Кинф | E21: 4077320
C22: Проектирование сооружения очистки сточных вод на земельных участках с коэффициентом застройки свыше 0,5 включительно | D22: К2 = 1,2 (ТЧ_р.III_п.45_т.3.12.1_п.1)
C23: Проектирование сооружения для очистки поверхностного стока селитебных территорий и площадок предприятий с организацией последующего сброса очищенных сточных вод в водоемы высшей, первой и второй категории рыбохозяйственного назначения | D23: К3 = 1,5 (ТЧ_р.III_п.45_т.3.12.1_п.2)
C24: Подготовка проектной и рабочей документации объектов водоснабжения и водоотведения, содержащей материалы в форме информационной модели | D24: К4 = 1,11 (ТЧ_р.II_п.23_т.2_п.8)
C25: Проектирование линейных объектов водоснабжения и водоотведения из полимерных труб, требующих проверки на статическую устойчивость в период длительной эксплуатации | D25: К5 = 1,1 (ТЧ_р.II_п.23_т.2_п.3)
C26: Распределение стоимости работ по подготовке проектной и рабочей документации, содержащей материалы в форме информационной модели, по видам разрабатываемой документации приведено в таблице 1.2 настоящего пункта НЗ и уточняется по согласованию между исполнителем и заказчиком. | D26: К6 = 0,4 (ТЧ_р.I_п.9_т.1.2_п.1)
C27: С индексом в ценах 2 квартала 2026 года по письму Минстроя России от 08.04.2026г. №20212-ИФ/09 (к ценам 2024г) к проектным работам | D27: Кинф = 1,2700 (6)
C28: ПЗ | D28: ;
C29: ПЗУ | D29: 4%; | E29: 163 090,00
C30: АР | D30: 10%; | E30: 407 730,00
C31: КР | D31: 18%; | E31: 733 920,00
C32: ИОС: ЭС | D32: 6%; | E32: 244 640,00
C33: ИОС: ВС | D33: 6%; | E33: 244 640,00
C34: ИОС: ВО | D34: 6%; | E34: 244 640,00
C35: ИОС: ОВ | D35: 6%; | E35: 244 640,00
C36: ИОС: СС | D36: 4%; | E36: 163 090,00
C37: ИОС: АВТ | D37: 8%; | E37: 326 190,00
C38: ТХ | D38: 25%; | E38: 1 019 330,00
C39: ПОС | D39: ;
C40: ООС | D40: ;
C41: ПБ | D41: ;
C42: ТБЭ | D42: ;
C43: СМ | D43: 7%; | E43: 285 410,00
C44: Итого ``Коэфф. относительной стоимости`` | D44: 100%
A45: 2 | B45: Сооружение обеззараживания сточных вод, производительностью:от 50 до 800 кубических метров/час включительно, 42 (кубических метров/час) | C45: НЗ "О нормативных затратах на работы по подготовке проектной документации для строительства, реконструкции и капитального ремонта объектов водоснабжения, водоотведения и водоочистки" Таблица 3.12 п.18.1 (НЗ_ОВВиВ-3.12-18.1) | D45: (824900+1334*(0.4*50+0.6*42))*1,2*1,11*1,1*0,4*1,27 где количество 90000/90/24 = 42 (A+B*(0.4*X1+0.6*X))*К2*К3*К4*К6*Кинф | E45: 658870
C46: Проектирование сооружения очистки сточных вод на земельных участках с коэффициентом застройки свыше 0,5 включительно | D46: К2 = 1,2 (ТЧ_р.III_п.45_т.3.12.1_п.1)
C47: Подготовка проектной и рабочей документации объектов водоснабжения и водоотведения, содержащей материалы в форме информационной модели | D47: К3 = 1,11 (ТЧ_р.II_п.23_т.2_п.8)
C48: Проектирование линейных объектов водоснабжения и водоотведения из полимерных труб, требующих проверки на статическую устойчивость в период длительной эксплуатации | D48: К4 = 1,1 (ТЧ_р.II_п.23_т.2_п.3)
C49: Распределение стоимости работ по подготовке проектной и рабочей документации, содержащей материалы в форме информационной модели, по видам разрабатываемой документации приведено в таблице 1.2 настоящего пункта НЗ и уточняется по согласованию между исполнителем и заказчиком. | D49: К6 = 0,4 (ТЧ_р.I_п.9_т.1.2_п.1)
C50: С индексом в ценах 2 квартала 2026 года по письму Минстроя России от 08.04.2026г. №20212-ИФ/09 (к ценам 2024г) к проектным работам | D50: Кинф = 1,2700 (6)
C51: ПЗ | D51: ;
C52: ПЗУ | D52: 4%; | E52: 26 350,00
C53: АР | D53: 10%; | E53: 65 890,00
C54: КР | D54: 18%; | E54: 118 600,00
C55: ИОС: ЭС | D55: 6%; | E55: 39 530,00
C56: ИОС: ВС | D56: 6%; | E56: 39 530,00
C57: ИОС: ВО | D57: 6%; | E57: 39 530,00
C58: ИОС: ОВ | D58: 6%; | E58: 39 530,00
C59: ИОС: СС | D59: 4%; | E59: 26 350,00
C60: ИОС: АВТ | D60: 8%; | E60: 52 710,00
C61: ТХ | D61: 25%; | E61: 164 720,00
C62: ПОС | D62: ;
C63: ООС | D63: ;
C64: ПБ | D64: ;
C65: ТБЭ | D65: ;
C66: СМ | D66: 7%; | E66: 46 120,00
C67: Итого ``Коэфф. относительной стоимости`` | D67: 100%
A68: 3 | B68: Санитарно-защитные зоны площадью:до 50 га, 25 (га) | C68: СБЦ "Объекты жилищно-гражданского строительства (2003)" табл.28 п.8 (СБЦ4-28-8) | D68: (16720+(21740-16720)/(100-50)*(25-50)*0,6)*0,7*0,432*7,1 (A1+(A2-A1)/(X2-X1)*(X-X1)*0,6)*К1*К2*Кинф | E68: 32670
C69: Стадийность проектирования | D69: К1 = 0,7
C70: Понижающий коэффициент 10,8га/25га | D70: К2 = 0,432 (1)
C71: С индексом в ценах 2 квартала 2026 года по письму Минстроя России от 08.04.2026г. №20212-ИФ/09 (к ценам 2001г) к проектным работам | D71: Кинф = 7,1000 (2)
C72: Генплан и транспорт | D72: ;
C73: Разбивочные чертежи планировки | D73: ;
C74: Посадочные и разбивочные чертежи озеленения | D74: ;
C75: Дорожная сеть | D75: ;
C76: Сметная документация | D76: ;
C77: Итого ``Коэфф. относительной стоимости``
A78: 4 | B78: Резервуары для воды емкостью:cвыше 20 до 40 тыс.м3, 25 (1 тыс.м3) | C78: СБЦП "Объекты водоснабжения и канализации (2015)" табл.5 п.15 (СБЦП17-5-15) | D78: (180550+11820*25)*1,4*1,3*0,4*7,1 где количество 25000/1000 = 25 (A+B*X)*К3*К4*К1*Кинф | E78: 2460610
C79: При проектировании зданий и сооружений с ограждающими и несущими конструкциями из монолитного железобетона | D79: К3 = 1,4 (ОП п.1.18)
C80: При проектировании в городах Москва и Санкт-Петербург (до) | D80: К4 = 1,3 (ОП п.1.9)
C81: Стадия проектирования | D81: К1 = 0,4 (ОП п.1.7)
C82: С индексом в ценах 2 квартала 2026 года по письму Минстроя России от 08.04.2026г. №20212-ИФ/09 (к ценам 2001г) к проектным работам | D82: Кинф = 7,1000 (2)
C83: Пояснительная записка | D83: ;
C84: Схема планировочной организации земельного участка | D84: 5%; | E84: 123 030,00
C85: Архитектурные решения | D85: 10%; | E85: 246 060,00
C86: Конструктивные и объемнопланировочные решения | D86: 33%; | E86: 812 000,00
C87: Инженерное оборудование, сети, инженерно-технические мероприятия, технологические решения: Система электроснабжения | D87: 10%; | E87: 246 060,00
C88: Инженерное оборудование, сети, инженерно-технические мероприятия, технологические решения: Система водоснабжения | D88: 3%; | E88: 73 820,00
C89: Инженерное оборудование, сети, инженерно-технические мероприятия, технологические решения: Система водоотведения | D89: 3%; | E89: 73 820,00
C90: Инженерное оборудование, сети, инженерно-технические мероприятия, технологические решения: Отопление, вентиляция | D90: 7%; | E90: 172 240,00
C91: Инженерное оборудование, сети, инженерно-технические мероприятия, технологические решения: Основные общеинженерные системы связи и оповещения | D91: 2%; | E91: 49 210,00
C92: Инженерное оборудование, сети, инженерно-технические мероприятия, технологические решения: Технологические решения | D92: 20%; | E92: 492 120,00
C93: Проект организации строительства | D93: ;
C94: Перечень мероприятий по охране окружающей среды | D94: ;
C95: Мероприятия по обеспечению пожарной безопасности | D95: ;
C96: Требования к обеспечению безопасной эксплуатации объекта капитального строительства | D96: ;
C97: Мероприятия по обеспечению соблюдения требований энергетической эффективности и требований оснащенности зданий, строений и сооружений приборами учета используемых энергетических ресурсов | D97: ;
C98: Смета на строительство | D98: 7%; | E98: 172 240,00
C99: Итого ``Коэфф. относительной стоимости`` | D99: 100%
B100: Итоги по разделу 1 Основные здания:
B101: Итого Поз. 1-4 | E101: 7 229 470,00
B102: Итого по разделу 1 Основные здания | E102: 7 229 470,00
A103: Раздел 2. Вспомогательные объекты
A104: 5 | B104: КПП, площадью: от 20 до 200 включительно, 27 (м2) | C104: НЗ_ОГС "Строительство объектов городской среды", таб.3.3 п.1 (НЗ_ОГС-3.3-1) | D104: (62200+4139*27)*1,3*1,24*0,4*1,53 (A+B*X)*К2*К3*К4*Кинф | E104: 171610
C105: Проектирование объектов в черте городов: Москва и Санкт-Петербург | D105: К2 = 1,3 (ОП п.19 Таб.2.1 п.4.3)
C106: На подготовку проектной и рабочей документации отдельных зданий подсобного и обслуживающего назначения, содержащей материалы в форме информационной модели | D106: К3 = 1,24 (Таб.3.3.1 п.1)
...
